Workbook
Name Tableau_IR_années: OFFSET('Tableau Foncier'!$C$3,0,0,1,COUNT('Tableau Foncier'!$3:$3)-2)
Name Tableau_IR_CAF: OFFSET('Tableau Foncier'!$C$31,0,0,1,COUNT('Tableau Foncier'!$31:$31)-2)
Name Tableau_IR_résultat: OFFSET('Tableau Foncier'!$C$9,0,0,1,COUNT('Tableau Foncier'!$9:$9)-2)
Name Tableau_IS_années: OFFSET('Tableau LMNP'!$C$3,0,0,1,COUNT('Tableau LMNP'!$3:$3)-2)
Name Tableau_IS_années: OFFSET('Tableau LMP'!$C$3,0,0,1,COUNT('Tableau LMP'!$3:$3)-2)
Name Tableau_IS_années: OFFSET('Tableau SCI IS'!$C$3,0,0,1,COUNT('Tableau SCI IS'!$3:$3)-2)
Name Tableau_IS_apport_perso: OFFSET('Tableau LMNP'!#REF!,0,0,1,COUNT('Tableau LMNP'!#REF!)-2)
Name Tableau_IS_apport_perso: OFFSET('Tableau LMP'!$C$30,0,0,1,COUNT('Tableau LMP'!$30:$30)-2)
Name Tableau_IS_apport_perso: OFFSET('Tableau SCI IS'!$C$30,0,0,1,COUNT('Tableau SCI IS'!$30:$30)-2)
Name Tableau_IS_bénef: OFFSET('Tableau LMNP'!$C$12,0,0,1,COUNT('Tableau LMNP'!$12:$12)-2)
Name Tableau_IS_bénef: OFFSET('Tableau LMP'!$C$15,0,0,1,COUNT('Tableau LMP'!$15:$15)-2)
Name Tableau_IS_bénef: OFFSET('Tableau SCI IS'!$C$15,0,0,1,COUNT('Tableau SCI IS'!$15:$15)-2)
Name Tableau_IS_CAF: OFFSET('Tableau LMNP'!#REF!,0,0,1,COUNT('Tableau LMNP'!#REF!)-2)
Name Tableau_IS_CAF: OFFSET('Tableau LMP'!$C$25,0,0,1,COUNT('Tableau LMP'!$25:$25)-2)
Name Tableau_IS_CAF: OFFSET('Tableau SCI IS'!$C$25,0,0,1,COUNT('Tableau SCI IS'!$25:$25)-2)
Name Tableau_IS_gains: OFFSET('Tableau LMNP'!$C$31,0,0,1,COUNT('Tableau LMNP'!$31:$31)-2)
Name Tableau_IS_gains: OFFSET('Tableau LMP'!$C$42,0,0,1,COUNT('Tableau LMP'!$42:$42)-2)
Name Tableau_IS_gains: OFFSET('Tableau SCI IS'!$C$42,0,0,1,COUNT('Tableau SCI IS'!$42:$42)-2)

Sheet Caracs du projet
A4: Caractéristiques de l'imposition :
A7: Taux IS normal : | E7: 0.28
A8: Taux IS réduit : | E8: 0.15
A9: Seuil IS réduit : | E9: 75000
A10: Taux d'abattement à l'IR des dividendes : | E10: 0.4
A11: % impôts plus-value professionnels : | E11: 0.19
A12: % impôts prélèvements sociaux : | E12: 0.172
A17: Caractéristiques de l'achat de l'immeuble :
A20: Prix d'achat de l'immeuble : | E20: 45000
A21: Nb d'années de détention avant revente (mini 5 ans) : | E21: 20
A22: Valeur de revente : | E22: 50000
A27: Calcul du loyer :
A30: Loyer annuel : | E30: 4600
A32: Charges communes :
A33: - Charges copro non récup sur locataire : | E33: 500
A34: - Taxe foncière : | E34: 900
A36: Charges comptabilité : | B36: (possible que ce soit 0)
A37: - Frais comptabilité si SCI IR : (0 si IR sans SCI) | E37: 0
A38: - Frais comptabilité si SCI IS : | E38: 700
A39: - Frais honoraires juridiques si SCI IR ou IS : (0 si pas SCI) | E39: 0
A41: Autres charges dont :
A42: - Autres charges déductibles IR : | E42: 0
A43: - Autres charges non déductibles IR : | E43: 0
A44: Charges foncières IR : | B44: (pour montant charges sans calcul) | E44: =IF(ISBLANK(C44),E33+E34++E37+E39+E42,C44) -> 1400
A46: - Amort  durée d'amort : | C46: 20 | E46: =E20/C46 -> 2250
A48: Charges foncières IS : | B48: (pour montant charges sans calcul) | E48: =IF(ISBLANK(C48),E33+E34+E38+E39+E42+E43,C48) -> 2100
A50: Charges foncières LMNP : | B50: (pour montant charges sans calcul) | E50: =IF(ISBLANK(C50),E33+E34+E42+E43,C50) -> 1400
A52: R : CFE si CA > 100 000 €
A57: Caractéristiques de l'imposition propre à la situation de l'acheteur et de son projet :
A60: Taux marginal IR de l'acheteur : | E60: 0.14
A61: Taux imposition PV IR après abattement : | E61: =IF(E21<6,E11,IF(E21<22,E11-E11*(E21-5)*6%,0)) -> 0.019
A62: Taux imposition PS IR après abattement : | E62: =IF(E21<6,E12,IF(E21<22,E12-E12*(E21-5)*1.65%,IF(E21=22,E12*72%,IF(E21<30,E12-E12*(28%+9%*(E21-22)),0)))) -> 0.12943
A63: Taux d'imposition de la distribution des divs par rapport au bénéf distribuable : | E63: =E12+E60*(1-E10) -> 0.256
A69: Caractéristiques de l'emprunt :
A72: Date première échéance : | E72: 43466
A73: Capital emprunté : | E73: 37000
A74: Taux d'intérêt annuel : | E74: 0.0117
A75: Taux d'intérêt mensuel : | E75: =((1+E74)^(1/12))-1 -> 0.00096981031
A76: Durée en année : (entier) | E76: 15
A77: Échéances : | E77: =-PMT(E75,E76*12,E73) -> 224.11818
A79: Si durée de détention < durée d'emprunt :
A80: Emprunt restant à rembourser après la vente : | E80: =IF(E76<E21,0,(E76-E21)*12*E77) -> 0 | F80: (intérêts inclus)
A85: Taux d'actualisation (pour le calcul de la VAN) :
A88: Taux de rémunération du temps : | E88: 0.005
A89: Taux de rémunération du risque : | E89: 0
A90: Taux d'actualisation : | E90: =SUM(E88:E89) -> 0.005
A93: Taux d'inflation : | E93: 0.01
A98: Montant à investir personnellement :
A101: Pour acheter l'immeuble : | E101: =IF((E20-E73)<0,0,E20-E73) -> 8000
A104: Pour financer l'éventuelle future CAF négative :
C106: - Si IS : | E106: =NPV('Caracs du projet'!E88,'Tableau SCI IS'!Tableau_IS_apport_perso) -> 0
D107: Total : | E107: =E101+E106 -> 8000
C109: - Si IR : | E109: ='Tableau Foncier'!N43-'Caracs du projet'!E101 -> 3172.0352
D110: Total : | E110: =E101+E109 -> 11172.035
C112: - Si LMNP : | E112: ='Tableau LMNP'!N44-E101 -> 0
D113: Total : | E113: =E101+E112 -> 8000
C115: - Si LMP : | E115: ='Tableau Foncier'!N49-'Caracs du projet'!E108 -> 0
D116: Total : | E116: =E108+E115 -> 0
A119: Montant mini à emprunter pour investir le minimum personnellement :
A120: (A trouver en tatonnant et à saisir)
A122: - Si IS :
B123: - Montant à emprunter :
B124: - Montant à investir perso :
A126: - Si IR :
B127: - Montant à emprunter :
B128: - Montant à investir perso :
A130: - Si LMNP :
B131: - Montant à emprunter :
B132: - Montant à investir perso :

Sheet Tableau d'emprunt
H1: Dates | I1: =B2 -> 43466 | J1: =IF($B$6>=(COLUMN()-8),EDATE(I1,1),"") -> 43497 | K1: =IF($B$6>=(COLUMN()-8),EDATE(J1,1),"") -> 43525 | L1: =IF($B$6>=(COLUMN()-8),EDATE(K1,1),"") -> 43556 | M1: =IF($B$6>=(COLUMN()-8),EDATE(L1,1),"") -> 43586 | N1: =IF($B$6>=(COLUMN()-8),EDATE(M1,1),"") -> 43617 | O1: =IF($B$6>=(COLUMN()-8),EDATE(N1,1),"") -> 43647 | P1: =IF($B$6>=(COLUMN()-8),EDATE(O1,1),"") -> 43678 | Q1: =IF($B$6>=(COLUMN()-8),EDATE(P1,1),"") -> 43709 | ... ADC1: =IF($B$6>=(COLUMN()-8),EDATE(ADB1,1),"")
A2: Date première échéance | B2: ='Caracs du projet'!E72 -> 43466 | H2: Capital restant dû | I2: =IF(OR(ISBLANK(I1),I1=""),"",B3) -> 37000 | J2: =IF(OR(ISBLANK(J1),J1=""),"",I2-I5) -> 36811.765 | K2: =IF(OR(ISBLANK(K1),K1=""),"",J2-J5) -> 36623.347 | L2: =IF(OR(ISBLANK(L1),L1=""),"",K2-K5) -> 36434.747 | M2: =IF(OR(ISBLANK(M1),M1=""),"",L2-L5) -> 36245.963 | N2: =IF(OR(ISBLANK(N1),N1=""),"",M2-M5) -> 36056.997 | O2: =IF(OR(ISBLANK(O1),O1=""),"",N2-N5) -> 35867.847 | P2: =IF(OR(ISBLANK(P1),P1=""),"",O2-O5) -> 35678.514 | Q2: =IF(OR(ISBLANK(Q1),Q1=""),"",P2-P5) -> 35488.997 | ... ZY2: =IF(OR(ISBLANK(ZY1),ZY1=""),"",ZX2-ZX5)
A3: Capital emprunté | B3: ='Caracs du projet'!E73 -> 37000 | H3: Échéances | I3: =IF(OR(ISBLANK(I1),I1=""),"",$B$8) -> 224.11818 | J3: =IF(OR(ISBLANK(J1),J1=""),"",$B$8) -> 224.11818 | K3: =IF(OR(ISBLANK(K1),K1=""),"",$B$8) -> 224.11818 | L3: =IF(OR(ISBLANK(L1),L1=""),"",$B$8) -> 224.11818 | M3: =IF(OR(ISBLANK(M1),M1=""),"",$B$8) -> 224.11818 | N3: =IF(OR(ISBLANK(N1),N1=""),"",$B$8) -> 224.11818 | O3: =IF(OR(ISBLANK(O1),O1=""),"",$B$8) -> 224.11818 | P3: =IF(OR(ISBLANK(P1),P1=""),"",$B$8) -> 224.11818 | ... ADC3: =IF(OR(ISBLANK(ADC1),ADC1=""),"",$B$8)
A4: Taux d'intérêt annuel | B4: ='Caracs du projet'!E74 -> 0.0117 | H4: Intérêts | I4: =IF(OR(ISBLANK(I1),I1=""),"",I2*$B$5) -> 35.882982 | J4: =IF(OR(ISBLANK(J1),J1=""),"",J2*$B$5) -> 35.700429 | K4: =IF(OR(ISBLANK(K1),K1=""),"",K2*$B$5) -> 35.5177 | L4: =IF(OR(ISBLANK(L1),L1=""),"",L2*$B$5) -> 35.334793 | M4: =IF(OR(ISBLANK(M1),M1=""),"",M2*$B$5) -> 35.151709 | N4: =IF(OR(ISBLANK(N1),N1=""),"",N2*$B$5) -> 34.968447 | O4: =IF(OR(ISBLANK(O1),O1=""),"",O2*$B$5) -> 34.785008 | P4: =IF(OR(ISBLANK(P1),P1=""),"",P2*$B$5) -> 34.601391 | ... ADC4: =IF(OR(ISBLANK(ADC1),ADC1=""),"",ADC2*$B$5)
A5: Taux d'intérêt mensuel | B5: ='Caracs du projet'!E75 -> 0.00096981031 | D5: (1+x)^12=1+t | H5: Capital remboursé | I5: =IF(OR(ISBLANK(I1),I1=""),"",I3-I4) -> 188.2352 | J5: =IF(OR(ISBLANK(J1),J1=""),"",J3-J4) -> 188.41775 | K5: =IF(OR(ISBLANK(K1),K1=""),"",K3-K4) -> 188.60048 | L5: =IF(OR(ISBLANK(L1),L1=""),"",L3-L4) -> 188.78339 | M5: =IF(OR(ISBLANK(M1),M1=""),"",M3-M4) -> 188.96647 | N5: =IF(OR(ISBLANK(N1),N1=""),"",N3-N4) -> 189.14974 | O5: =IF(OR(ISBLANK(O1),O1=""),"",O3-O4) -> 189.33318 | P5: =IF(OR(ISBLANK(P1),P1=""),"",P3-P4) -> 189.51679 | ... ADC5: =IF(OR(ISBLANK(ADC1),ADC1=""),"",ADC3-ADC4)
A6: Durée en mois | B6: ='Caracs du projet'!E76*12 -> 180 | H6: Total charge d'intérêts | I6: =SUM(I4:IM4) -> 3341.2729
A8: Échéances | B8: =-PMT(B5,B6,B3) -> 224.11818 | U8: =SUM(U4:AF4) -> 391.93864
A11: Dates | B11: Capital restant dû | C11: Échéances | D11: Intérêts | E11: Capital remboursé | F11: Total charge d'intérêts
A12: =B2 -> 43466 | B12: =IF(OR(ISBLANK(A12),A12=""),"",B3) -> 37000 | C12: =IF(OR(ISBLANK(A12),A12=""),"",$B$8) -> 224.11818 | D12: =IF(OR(ISBLANK(A12),A12=""),"",B12*$B$5) -> 35.882982 | E12: =IF(OR(ISBLANK(A12),A12=""),"",C12-D12) -> 188.2352 | F12: =SUM(D12:D250) -> 3341.2729
A13: =IF($B$6>=(ROW()-11),EDATE(A12,1),"") -> 43497 | B13: =IF(OR(ISBLANK(A13),A13=""),"",B12-E12) -> 36811.765 | C13: =IF(OR(ISBLANK(A13),A13=""),"",$B$8) -> 224.11818 | D13: =IF(OR(ISBLANK(A13),A13=""),"",B13*$B$5) -> 35.700429 | E13: =IF(OR(ISBLANK(A13),A13=""),"",C13-D13) -> 188.41775
A14: =IF($B$6>=(ROW()-11),EDATE(A13,1),"") -> 43525 | B14: =IF(OR(ISBLANK(A14),A14=""),"",B13-E13) -> 36623.347 | C14: =IF(OR(ISBLANK(A14),A14=""),"",$B$8) -> 224.11818 | D14: =IF(OR(ISBLANK(A14),A14=""),"",B14*$B$5) -> 35.5177 | E14: =IF(OR(ISBLANK(A14),A14=""),"",C14-D14) -> 188.60048
A15: =IF($B$6>=(ROW()-11),EDATE(A14,1),"") -> 43556 | B15: =IF(OR(ISBLANK(A15),A15=""),"",B14-E14) -> 36434.747 | C15: =IF(OR(ISBLANK(A15),A15=""),"",$B$8) -> 224.11818 | D15: =IF(OR(ISBLANK(A15),A15=""),"",B15*$B$5) -> 35.334793 | E15: =IF(OR(ISBLANK(A15),A15=""),"",C15-D15) -> 188.78339
A16: =IF($B$6>=(ROW()-11),EDATE(A15,1),"") -> 43586 | B16: =IF(OR(ISBLANK(A16),A16=""),"",B15-E15) -> 36245.963 | C16: =IF(OR(ISBLANK(A16),A16=""),"",$B$8) -> 224.11818 | D16: =IF(OR(ISBLANK(A16),A16=""),"",B16*$B$5) -> 35.151709 | E16: =IF(OR(ISBLANK(A16),A16=""),"",C16-D16) -> 188.96647
A17: =IF($B$6>=(ROW()-11),EDATE(A16,1),"") -> 43617 | B17: =IF(OR(ISBLANK(A17),A17=""),"",B16-E16) -> 36056.997 | C17: =IF(OR(ISBLANK(A17),A17=""),"",$B$8) -> 224.11818 | D17: =IF(OR(ISBLANK(A17),A17=""),"",B17*$B$5) -> 34.968447 | E17: =IF(OR(ISBLANK(A17),A17=""),"",C17-D17) -> 189.14974
A18: =IF($B$6>=(ROW()-11),EDATE(A17,1),"") -> 43647 | B18: =IF(OR(ISBLANK(A18),A18=""),"",B17-E17) -> 35867.847 | C18: =IF(OR(ISBLANK(A18),A18=""),"",$B$8) -> 224.11818 | D18: =IF(OR(ISBLANK(A18),A18=""),"",B18*$B$5) -> 34.785008 | E18: =IF(OR(ISBLANK(A18),A18=""),"",C18-D18) -> 189.33318
A19: =IF($B$6>=(ROW()-11),EDATE(A18,1),"") -> 43678 | B19: =IF(OR(ISBLANK(A19),A19=""),"",B18-E18) -> 35678.514 | C19: =IF(OR(ISBLANK(A19),A19=""),"",$B$8) -> 224.11818 | D19: =IF(OR(ISBLANK(A19),A19=""),"",B19*$B$5) -> 34.601391 | E19: =IF(OR(ISBLANK(A19),A19=""),"",C19-D19) -> 189.51679
A20: =IF($B$6>=(ROW()-11),EDATE(A19,1),"") -> 43709 | B20: =IF(OR(ISBLANK(A20),A20=""),"",B19-E19) -> 35488.997 | C20: =IF(OR(ISBLANK(A20),A20=""),"",$B$8) -> 224.11818 | D20: =IF(OR(ISBLANK(A20),A20=""),"",B20*$B$5) -> 34.417595 | E20: =IF(OR(ISBLANK(A20),A20=""),"",C20-D20) -> 189.70059
A21: =IF($B$6>=(ROW()-11),EDATE(A20,1),"") -> 43739 | B21: =IF(OR(ISBLANK(A21),A21=""),"",B20-E20) -> 35299.296 | C21: =IF(OR(ISBLANK(A21),A21=""),"",$B$8) -> 224.11818 | D21: =IF(OR(ISBLANK(A21),A21=""),"",B21*$B$5) -> 34.233622 | E21: =IF(OR(ISBLANK(A21),A21=""),"",C21-D21) -> 189.88456
A22: =IF($B$6>=(ROW()-11),EDATE(A21,1),"") -> 43770 | B22: =IF(OR(ISBLANK(A22),A22=""),"",B21-E21) -> 35109.412 | C22: =IF(OR(ISBLANK(A22),A22=""),"",$B$8) -> 224.11818 | D22: =IF(OR(ISBLANK(A22),A22=""),"",B22*$B$5) -> 34.04947 | E22: =IF(OR(ISBLANK(A22),A22=""),"",C22-D22) -> 190.06871
A23: =IF($B$6>=(ROW()-11),EDATE(A22,1),"") -> 43800 | B23: =IF(OR(ISBLANK(A23),A23=""),"",B22-E22) -> 34919.343 | C23: =IF(OR(ISBLANK(A23),A23=""),"",$B$8) -> 224.11818 | D23: =IF(OR(ISBLANK(A23),A23=""),"",B23*$B$5) -> 33.865139 | E23: =IF(OR(ISBLANK(A23),A23=""),"",C23-D23) -> 190.25304
A24: =IF($B$6>=(ROW()-11),EDATE(A23,1),"") -> 43831 | B24: =IF(OR(ISBLANK(A24),A24=""),"",B23-E23) -> 34729.09 | C24: =IF(OR(ISBLANK(A24),A24=""),"",$B$8) -> 224.11818 | D24: =IF(OR(ISBLANK(A24),A24=""),"",B24*$B$5) -> 33.68063 | E24: =IF(OR(ISBLANK(A24),A24=""),"",C24-D24) -> 190.43755
... A685: =IF($B$6>=(ROW()-11),EDATE(A684,1),"") | B685: =IF(OR(ISBLANK(A685),A685=""),"",B684-E684) | C685: =IF(OR(ISBLANK(A685),A685=""),"",$B$8) | D685: =IF(OR(ISBLANK(A685),A685=""),"",B685*$B$5) | E685: =IF(OR(ISBLANK(A685),A685=""),"",C685-D685)
A686: =IF($B$6>=(ROW()-11),EDATE(A685,1),"") | B686: =IF(OR(ISBLANK(A686),A686=""),"",B685-E685)
A687: =IF($B$6>=(ROW()-11),EDATE(A686,1),"") | B687: =IF(OR(ISBLANK(A687),A687=""),"",B686-E686)
A688: =IF($B$6>=(ROW()-11),EDATE(A687,1),"") | B688: =IF(OR(ISBLANK(A688),A688=""),"",B687-E687)
A689: =IF($B$6>=(ROW()-11),EDATE(A688,1),"") | B689: =IF(OR(ISBLANK(A689),A689=""),"",B688-E688)
A690: =IF($B$6>=(ROW()-11),EDATE(A689,1),"") | B690: =IF(OR(ISBLANK(A690),A690=""),"",B689-E689)
A691: =IF($B$6>=(ROW()-11),EDATE(A690,1),"") | B691: =IF(OR(ISBLANK(A691),A691=""),"",B690-E690)
A692: =IF($B$6>=(ROW()-11),EDATE(A691,1),"") | B692: =IF(OR(ISBLANK(A692),A692=""),"",B691-E691)
A693: =IF($B$6>=(ROW()-11),EDATE(A692,1),"") | B693: =IF(OR(ISBLANK(A693),A693=""),"",B692-E692)
A694: =IF($B$6>=(ROW()-11),EDATE(A693,1),"") | B694: =IF(OR(ISBLANK(A694),A694=""),"",B693-E693)
A695: =IF($B$6>=(ROW()-11),EDATE(A694,1),"") | B695: =IF(OR(ISBLANK(A695),A695=""),"",B694-E694)
A696: =IF($B$6>=(ROW()-11),EDATE(A695,1),"") | B696: =IF(OR(ISBLANK(A696),A696=""),"",B695-E695)
A697: =IF($B$6>=(ROW()-11),EDATE(A696,1),"") | B697: =IF(OR(ISBLANK(A697),A697=""),"",B696-E696)
... A704: =IF($B$6>=(ROW()-11),EDATE(A703,1),"") | B704: =IF(OR(ISBLANK(A704),A704=""),"",B703-E703)
A705: =IF($B$6>=(ROW()-11),EDATE(A704,1),"")
A706: =IF($B$6>=(ROW()-11),EDATE(A705,1),"")
A707: =IF($B$6>=(ROW()-11),EDATE(A706,1),"")
A708: =IF($B$6>=(ROW()-11),EDATE(A707,1),"")
A709: =IF($B$6>=(ROW()-11),EDATE(A708,1),"")
A710: =IF($B$6>=(ROW()-11),EDATE(A709,1),"")
A711: =IF($B$6>=(ROW()-11),EDATE(A710,1),"")
A712: =IF($B$6>=(ROW()-11),EDATE(A711,1),"")
A713: =IF($B$6>=(ROW()-11),EDATE(A712,1),"")
A714: =IF($B$6>=(ROW()-11),EDATE(A713,1),"")
A715: =IF($B$6>=(ROW()-11),EDATE(A714,1),"")
A716: =IF($B$6>=(ROW()-11),EDATE(A715,1),"")
... A763: =IF($B$6>=(ROW()-11),EDATE(A762,1),"")

Sheet Tableau SCI IS
A3: Années : | B3: =0 -> 0 | C3: =1 -> 1 | D3: =IF(OR(C3='Caracs du projet'!$E$21,C3=""),"",C3+1) -> 2 | E3: =IF(OR(D3='Caracs du projet'!$E$21,D3=""),"",D3+1) -> 3 | F3: =IF(OR(E3='Caracs du projet'!$E$21,E3=""),"",E3+1) -> 4 | G3: =IF(OR(F3='Caracs du projet'!$E$21,F3=""),"",F3+1) -> 5 | H3: =IF(OR(G3='Caracs du projet'!$E$21,G3=""),"",G3+1) -> 6 | I3: =IF(OR(H3='Caracs du projet'!$E$21,H3=""),"",H3+1) -> 7 | J3: =IF(OR(I3='Caracs du projet'!$E$21,I3=""),"",I3+1) -> 8 | K3: =IF(OR(J3='Caracs du projet'!$E$21,J3=""),"",J3+1) -> 9 | ... CV3: =IF(OR(CU3='Caracs du projet'!$E$21,CU3=""),"",CU3+1)
A5: CA | B5: 0 | C5: =IF(C3="","",'Caracs du projet'!$E$30) -> 4600 | D5: =IF(D3="","",'Caracs du projet'!$E$30) -> 4600 | E5: =IF(E3="","",'Caracs du projet'!$E$30) -> 4600 | F5: =IF(F3="","",'Caracs du projet'!$E$30) -> 4600 | G5: =IF(G3="","",'Caracs du projet'!$E$30) -> 4600 | H5: =IF(H3="","",'Caracs du projet'!$E$30) -> 4600 | I5: =IF(I3="","",'Caracs du projet'!$E$30) -> 4600 | J5: =IF(J3="","",'Caracs du projet'!$E$30) -> 4600 | ... CV5: =IF(CV3="","",'Caracs du projet'!$E$30)
A6: - Autres charges | B6: 0 | C6: =IF(C3="","",'Caracs du projet'!$E$51) -> 0 | D6: =IF(D3="","",'Caracs du projet'!$E$51) -> 0 | E6: =IF(E3="","",'Caracs du projet'!$E$51) -> 0 | F6: =IF(F3="","",'Caracs du projet'!$E$51) -> 0 | G6: =IF(G3="","",'Caracs du projet'!$E$51) -> 0 | H6: =IF(H3="","",'Caracs du projet'!$E$51) -> 0 | I6: =IF(I3="","",'Caracs du projet'!$E$51) -> 0 | J6: =IF(J3="","",'Caracs du projet'!$E$51) -> 0 | ... ED6: =IF(ED3="","",'Caracs du projet'!$E$51)
A7: - Charges d'intérêts | B7: 0 | C7: =IF(C3="","",IF(OFFSET('Tableau d''emprunt'!$I$4,0,12*(C3-1))="",0,SUM(OFFSET(OFFSET('Tableau d''emprunt'!$I$4,0,12*(C3-1)),0,0,1,12)))) -> 418.50828 | D7: =IF(D3="","",IF(OFFSET('Tableau d''emprunt'!$I$4,0,12*(D3-1))="",0,SUM(OFFSET(OFFSET('Tableau d''emprunt'!$I$4,0,12*(D3-1)),0,0,1,12)))) -> 391.93864 | E7: =IF(E3="","",IF(OFFSET('Tableau d''emprunt'!$I$4,0,12*(E3-1))="",0,SUM(OFFSET(OFFSET('Tableau d''emprunt'!$I$4,0,12*(E3-1)),0,0,1,12)))) -> 365.05813 | F7: =IF(F3="","",IF(OFFSET('Tableau d''emprunt'!$I$4,0,12*(F3-1))="",0,SUM(OFFSET(OFFSET('Tableau d''emprunt'!$I$4,0,12*(F3-1)),0,0,1,12)))) -> 337.86311 | G7: =IF(G3="","",IF(OFFSET('Tableau d''emprunt'!$I$4,0,12*(G3-1))="",0,SUM(OFFSET(OFFSET('Tableau d''emprunt'!$I$4,0,12*(G3-1)),0,0,1,12)))) -> 310.34992 | H7: =IF(H3="","",IF(OFFSET('Tableau d''emprunt'!$I$4,0,12*(H3-1))="",0,SUM(OFFSET(OFFSET('Tableau d''emprunt'!$I$4,0,12*(H3-1)),0,0,1,12)))) -> 282.51482 | I7: =IF(I3="","",IF(OFFSET('Tableau d''emprunt'!$I$4,0,12*(I3-1))="",0,SUM(OFFSET(OFFSET('Tableau d''emprunt'!$I$4,0,12*(I3-1)),0,0,1,12)))) -> 254.35405 | J7: =IF(J3="","",IF(OFFSET('Tableau d''emprunt'!$I$4,0,12*(J3-1))="",0,SUM(OFFSET(OFFSET('Tableau d''emprunt'!$I$4,0,12*(J3-1)),0,0,1,12)))) -> 225.8638 | ... ER7: =IF(ER3="","",IF(OFFSET('Tableau d''emprunt'!$I$4,0,12*(ER3-1))="",0,SUM(OFFSET(OFFSET('Tableau d''emprunt'!$I$4,0,12*(ER3-1)),0,0,1,12))))
A8: - Charges d'intérêts retraitées de l'inflation | B8: =IF(B3="","",B7/POWER(1+'Caracs du projet'!$E$93,B3-1)) -> 0 | C8: =IF(C3="","",C7/POWER(1+'Caracs du projet'!$E$93,C3)) -> 414.36464 | D8: =IF(D3="","",D7/POWER(1+'Caracs du projet'!$E$93,D3)) -> 384.2159 | E8: =IF(E3="","",E7/POWER(1+'Caracs du projet'!$E$93,E3)) -> 354.32182 | F8: =IF(F3="","",F7/POWER(1+'Caracs du projet'!$E$93,F3)) -> 324.67981 | G8: =IF(G3="","",G7/POWER(1+'Caracs du projet'!$E$93,G3)) -> 295.2873 | H8: =IF(H3="","",H7/POWER(1+'Caracs du projet'!$E$93,H3)) -> 266.14174 | I8: =IF(I3="","",I7/POWER(1+'Caracs du projet'!$E$93,I3)) -> 237.24062 | J8: =IF(J3="","",J7/POWER(1+'Caracs du projet'!$E$93,J3)) -> 208.58143 | ... ER8: =IF(ER3="","",ER7/POWER(1+'Caracs du projet'!$E$93,ER3))
A9: - Amortissements | B9: 0 | C9: =IF(C3="","",IF(C3>'Caracs du projet'!$C$46,0,'Caracs du projet'!$E$46)) -> 2250 | D9: =IF(D3="","",IF(D3>'Caracs du projet'!$C$46,0,'Caracs du projet'!$E$46)) -> 2250 | E9: =IF(E3="","",IF(E3>'Caracs du projet'!$C$46,0,'Caracs du projet'!$E$46)) -> 2250 | F9: =IF(F3="","",IF(F3>'Caracs du projet'!$C$46,0,'Caracs du projet'!$E$46)) -> 2250 | G9: =IF(G3="","",IF(G3>'Caracs du projet'!$C$46,0,'Caracs du projet'!$E$46)) -> 2250 | H9: =IF(H3="","",IF(H3>'Caracs du projet'!$C$46,0,'Caracs du projet'!$E$46)) -> 2250 | I9: =IF(I3="","",IF(I3>'Caracs du projet'!$C$46,0,'Caracs du projet'!$E$46)) -> 2250 | J9: =IF(J3="","",IF(J3>'Caracs du projet'!$C$46,0,'Caracs du projet'!$E$46)) -> 2250 | ... CX9: =IF(CX3="","",IF(CX3>'Caracs du projet'!$C$46,0,'Caracs du projet'!$E$46))
A10: - Amortissements retraités de l'inflation | B10: =0 -> 0 | C10: =IF(C3="","",C9/POWER(1+'Caracs du projet'!$E$93,C3)) -> 2227.7228 | D10: =IF(D3="","",D9/POWER(1+'Caracs du projet'!$E$93,D3)) -> 2205.6661 | E10: =IF(E3="","",E9/POWER(1+'Caracs du projet'!$E$93,E3)) -> 2183.8278 | F10: =IF(F3="","",F9/POWER(1+'Caracs du projet'!$E$93,F3)) -> 2162.2058 | G10: =IF(G3="","",G9/POWER(1+'Caracs du projet'!$E$93,G3)) -> 2140.7978 | H10: =IF(H3="","",H9/POWER(1+'Caracs du projet'!$E$93,H3)) -> 2119.6018 | I10: =IF(I3="","",I9/POWER(1+'Caracs du projet'!$E$93,I3)) -> 2098.6156 | J10: =IF(J3="","",J9/POWER(1+'Caracs du projet'!$E$93,J3)) -> 2077.8373 | ... EQ10: =IF(EQ3="","",EQ9/POWER(1+'Caracs du projet'!$E$93,EQ3))
A11: + PCEA | B11: =0 -> 0 | C11: =IF(C3="","",IF(C3='Caracs du projet'!$E$21,'Caracs du projet'!$E$22,0)) -> 0 | D11: =IF(D3="","",IF(D3='Caracs du projet'!$E$21,'Caracs du projet'!$E$22,0)) -> 0 | E11: =IF(E3="","",IF(E3='Caracs du projet'!$E$21,'Caracs du projet'!$E$22,0)) -> 0 | F11: =IF(F3="","",IF(F3='Caracs du projet'!$E$21,'Caracs du projet'!$E$22,0)) -> 0 | G11: =IF(G3="","",IF(G3='Caracs du projet'!$E$21,'Caracs du projet'!$E$22,0)) -> 0 | H11: =IF(H3="","",IF(H3='Caracs du projet'!$E$21,'Caracs du projet'!$E$22,0)) -> 0 | I11: =IF(I3="","",IF(I3='Caracs du projet'!$E$21,'Caracs du projet'!$E$22,0)) -> 0 | J11: =IF(J3="","",IF(J3='Caracs du projet'!$E$21,'Caracs du projet'!$E$22,0)) -> 0 | ... EO11: =IF(EO3="","",IF(EO3='Caracs du projet'!$E$21,'Caracs du projet'!$E$22,0))
A12: - VCEAC | B12: =0 -> 0 | C12: =IF(C3="","",IF(C3='Caracs du projet'!$E$21,IF('Caracs du projet'!$E$21>'Caracs du projet'!$C$46,0,'Caracs du projet'!$E$20-'Caracs du projet'!$E$21*'Caracs du projet'!$E$46),0)) -> 0 | D12: =IF(D3="","",IF(D3='Caracs du projet'!$E$21,IF('Caracs du projet'!$E$21>'Caracs du projet'!$C$46,0,'Caracs du projet'!$E$20-'Caracs du projet'!$E$21*'Caracs du projet'!$E$46),0)) -> 0 | E12: =IF(E3="","",IF(E3='Caracs du projet'!$E$21,IF('Caracs du projet'!$E$21>'Caracs du projet'!$C$46,0,'Caracs du projet'!$E$20-'Caracs du projet'!$E$21*'Caracs du projet'!$E$46),0)) -> 0 | F12: =IF(F3="","",IF(F3='Caracs du projet'!$E$21,IF('Caracs du projet'!$E$21>'Caracs du projet'!$C$46,0,'Caracs du projet'!$E$20-'Caracs du projet'!$E$21*'Caracs du projet'!$E$46),0)) -> 0 | G12: =IF(G3="","",IF(G3='Caracs du projet'!$E$21,IF('Caracs du projet'!$E$21>'Caracs du projet'!$C$46,0,'Caracs du projet'!$E$20-'Caracs du projet'!$E$21*'Caracs du projet'!$E$46),0)) -> 0 | H12: =IF(H3="","",IF(H3='Caracs du projet'!$E$21,IF('Caracs du projet'!$E$21>'Caracs du projet'!$C$46,0,'Caracs du projet'!$E$20-'Caracs du projet'!$E$21*'Caracs du projet'!$E$46),0)) -> 0 | I12: =IF(I3="","",IF(I3='Caracs du projet'!$E$21,IF('Caracs du projet'!$E$21>'Caracs du projet'!$C$46,0,'Caracs du projet'!$E$20-'Caracs du projet'!$E$21*'Caracs du projet'!$E$46),0)) -> 0 | J12: =IF(J3="","",IF(J3='Caracs du projet'!$E$21,IF('Caracs du projet'!$E$21>'Caracs du projet'!$C$46,0,'Caracs du projet'!$E$20-'Caracs du projet'!$E$21*'Caracs du projet'!$E$46),0)) -> 0 | ... EO12: =IF(EO3="","",IF(EO3='Caracs du projet'!$E$21,IF('Caracs du projet'!$E$21>'Caracs du projet'!$C$46,0,'Caracs du projet'!$E$20-'Caracs du projet'!$E$21*'Caracs du projet'!$E$46),0))
A13: = Résultat brut | B13: 0 | C13: =IF(C3="","",C5-C6-C8-C10-C12+C11) -> 1957.9126 | D13: =IF(D3="","",D5-D6-D8-D10-D12+D11) -> 2010.118 | E13: =IF(E3="","",E5-E6-E8-E10-E12+E11) -> 2061.8503 | F13: =IF(F3="","",F5-F6-F8-F10-F12+F11) -> 2113.1144 | G13: =IF(G3="","",G5-G6-G8-G10-G12+G11) -> 2163.9149 | H13: =IF(H3="","",H5-H6-H8-H10-H12+H11) -> 2214.2565 | I13: =IF(I3="","",I5-I6-I8-I10-I12+I11) -> 2264.1438 | J13: =IF(J3="","",J5-J6-J8-J10-J12+J11) -> 2313.5813 | ... ER13: =IF(ER3="","",ER5-ER6-ER8-ER10-ER12+ER11)
A14: - IS | B14: 0 | C14: =IF(C3="","",IF(C13<'Caracs du projet'!$E$9,C13*'Caracs du projet'!$E$8,'Caracs du projet'!$E$9*'Caracs du projet'!$E$8+(C13-'Caracs du projet'!$E$9)*'Caracs du projet'!$E$7)) -> 293.68689 | D14: =IF(D3="","",IF(D13<'Caracs du projet'!$E$9,D13*'Caracs du projet'!$E$8,'Caracs du projet'!$E$9*'Caracs du projet'!$E$8+(D13-'Caracs du projet'!$E$9)*'Caracs du projet'!$E$7)) -> 301.5177 | E14: =IF(E3="","",IF(E13<'Caracs du projet'!$E$9,E13*'Caracs du projet'!$E$8,'Caracs du projet'!$E$9*'Caracs du projet'!$E$8+(E13-'Caracs du projet'!$E$9)*'Caracs du projet'!$E$7)) -> 309.27755 | F14: =IF(F3="","",IF(F13<'Caracs du projet'!$E$9,F13*'Caracs du projet'!$E$8,'Caracs du projet'!$E$9*'Caracs du projet'!$E$8+(F13-'Caracs du projet'!$E$9)*'Caracs du projet'!$E$7)) -> 316.96716 | G14: =IF(G3="","",IF(G13<'Caracs du projet'!$E$9,G13*'Caracs du projet'!$E$8,'Caracs du projet'!$E$9*'Caracs du projet'!$E$8+(G13-'Caracs du projet'!$E$9)*'Caracs du projet'!$E$7)) -> 324.58724 | H14: =IF(H3="","",IF(H13<'Caracs du projet'!$E$9,H13*'Caracs du projet'!$E$8,'Caracs du projet'!$E$9*'Caracs du projet'!$E$8+(H13-'Caracs du projet'!$E$9)*'Caracs du projet'!$E$7)) -> 332.13847 | I14: =IF(I3="","",IF(I13<'Caracs du projet'!$E$9,I13*'Caracs du projet'!$E$8,'Caracs du projet'!$E$9*'Caracs du projet'!$E$8+(I13-'Caracs du projet'!$E$9)*'Caracs du projet'!$E$7)) -> 339.62156 | J14: =IF(J3="","",IF(J13<'Caracs du projet'!$E$9,J13*'Caracs du projet'!$E$8,'Caracs du projet'!$E$9*'Caracs du projet'!$E$8+(J13-'Caracs du projet'!$E$9)*'Caracs du projet'!$E$7)) -> 347.0372 | ... CY14: =IF(CY3="","",IF(CY13<'Caracs du projet'!$E$9,CY13*'Caracs du projet'!$E$8,'Caracs du projet'!$E$9*'Caracs du projet'!$E$8+(CY13-'Caracs du projet'!$E$9)*'Caracs du projet'!$E$7))
A15: = Résultat net | B15: 0 | C15: =IF(C3="","",C13-C14) -> 1664.2257 | D15: =IF(D3="","",D13-D14) -> 1708.6003 | E15: =IF(E3="","",E13-E14) -> 1752.5728 | F15: =IF(F3="","",F13-F14) -> 1796.1473 | G15: =IF(G3="","",G13-G14) -> 1839.3277 | H15: =IF(H3="","",H13-H14) -> 1882.118 | I15: =IF(I3="","",I13-I14) -> 1924.5222 | J15: =IF(J3="","",J13-J14) -> 1966.5441 | ... CZ15: =IF(CZ3="","",CZ13-CZ14)
A17: - Prélèvements sociaux | B17: 0 | C17: =IF(C3="","",C15*'Caracs du projet'!$E$12) -> 286.24682 | D17: =IF(D3="","",D15*'Caracs du projet'!$E$12) -> 293.87925 | E17: =IF(E3="","",E15*'Caracs du projet'!$E$12) -> 301.44252 | F17: =IF(F3="","",F15*'Caracs du projet'!$E$12) -> 308.93733 | G17: =IF(G3="","",G15*'Caracs du projet'!$E$12) -> 316.36436 | H17: =IF(H3="","",H15*'Caracs du projet'!$E$12) -> 323.7243 | I17: =IF(I3="","",I15*'Caracs du projet'!$E$12) -> 331.01782 | J17: =IF(J3="","",J15*'Caracs du projet'!$E$12) -> 338.24559 | ... EI17: =IF(EI3="","",EI15*'Caracs du projet'!$E$12)
A18: - IR | B18: 0 | C18: =IF(C3="","",C15*(1-'Caracs du projet'!$E$10)*'Caracs du projet'!$E$60) -> 139.79496 | D18: =IF(D3="","",D15*(1-'Caracs du projet'!$E$10)*'Caracs du projet'!$E$60) -> 143.52242 | E18: =IF(E3="","",E15*(1-'Caracs du projet'!$E$10)*'Caracs du projet'!$E$60) -> 147.21611 | F18: =IF(F3="","",F15*(1-'Caracs du projet'!$E$10)*'Caracs du projet'!$E$60) -> 150.87637 | G18: =IF(G3="","",G15*(1-'Caracs du projet'!$E$10)*'Caracs du projet'!$E$60) -> 154.50352 | H18: =IF(H3="","",H15*(1-'Caracs du projet'!$E$10)*'Caracs du projet'!$E$60) -> 158.09791 | I18: =IF(I3="","",I15*(1-'Caracs du projet'!$E$10)*'Caracs du projet'!$E$60) -> 161.65986 | J18: =IF(J3="","",J15*(1-'Caracs du projet'!$E$10)*'Caracs du projet'!$E$60) -> 165.18971 | ... EJ18: =IF(EJ3="","",EJ15*(1-'Caracs du projet'!$E$10)*'Caracs du projet'!$E$60)
A19: = Max potentiel de dividendes nets | B19: 0 | C19: =IF(C3="","",C15-C17-C18) -> 1238.1839 | D19: =IF(D3="","",D15-D17-D18) -> 1271.1986 | E19: =IF(E3="","",E15-E17-E18) -> 1303.9142 | F19: =IF(F3="","",F15-F17-F18) -> 1336.3336 | G19: =IF(G3="","",G15-G17-G18) -> 1368.4598 | H19: =IF(H3="","",H15-H17-H18) -> 1400.2958 | I19: =IF(I3="","",I15-I17-I18) -> 1431.8445 | J19: =IF(J3="","",J15-J17-J18) -> 1463.1088 | ... EL19: =IF(EL3="","",EL15-EL17-EL18)
A22: Amortissement du prêt : | B22: 0 | C22: =IF(C3="","",IF(OFFSET('Tableau d''emprunt'!$I$5,0,12*(C3-1))="",0,SUM(OFFSET(OFFSET('Tableau d''emprunt'!$I$5,0,12*(C3-1)),0,0,1,12)))) -> 2270.9099 | D22: =IF(D3="","",IF(OFFSET('Tableau d''emprunt'!$I$5,0,12*(D3-1))="",0,SUM(OFFSET(OFFSET('Tableau d''emprunt'!$I$5,0,12*(D3-1)),0,0,1,12)))) -> 2297.4796 | E22: =IF(E3="","",IF(OFFSET('Tableau d''emprunt'!$I$5,0,12*(E3-1))="",0,SUM(OFFSET(OFFSET('Tableau d''emprunt'!$I$5,0,12*(E3-1)),0,0,1,12)))) -> 2324.3601 | F22: =IF(F3="","",IF(OFFSET('Tableau d''emprunt'!$I$5,0,12*(F3-1))="",0,SUM(OFFSET(OFFSET('Tableau d''emprunt'!$I$5,0,12*(F3-1)),0,0,1,12)))) -> 2351.5551 | G22: =IF(G3="","",IF(OFFSET('Tableau d''emprunt'!$I$5,0,12*(G3-1))="",0,SUM(OFFSET(OFFSET('Tableau d''emprunt'!$I$5,0,12*(G3-1)),0,0,1,12)))) -> 2379.0683 | H22: =IF(H3="","",IF(OFFSET('Tableau d''emprunt'!$I$5,0,12*(H3-1))="",0,SUM(OFFSET(OFFSET('Tableau d''emprunt'!$I$5,0,12*(H3-1)),0,0,1,12)))) -> 2406.9034 | I22: =IF(I3="","",IF(OFFSET('Tableau d''emprunt'!$I$5,0,12*(I3-1))="",0,SUM(OFFSET(OFFSET('Tableau d''emprunt'!$I$5,0,12*(I3-1)),0,0,1,12)))) -> 2435.0641 | J22: =IF(J3="","",IF(OFFSET('Tableau d''emprunt'!$I$5,0,12*(J3-1))="",0,SUM(OFFSET(OFFSET('Tableau d''emprunt'!$I$5,0,12*(J3-1)),0,0,1,12)))) -> 2463.5544 | ... DS22: =IF(DS3="","",IF(OFFSET('Tableau d''emprunt'!$I$5,0,12*(DS3-1))="",0,SUM(OFFSET(OFFSET('Tableau d''emprunt'!$I$5,0,12*(DS3-1)),0,0,1,12)))) | DT22: =IF(DT3="","",IF(OFFSET('Tableau d''emprunt'!$I$5,0,12*(DT3-1))="","",SUM(OFFSET(OFFSET('Tableau d''emprunt'!$I$5,0,12*(DT3-1)),0,0,1,12)))) | DU22: =IF(DU3="","",IF(OFFSET('Tableau d''emprunt'!$I$5,0,12*(DU3-1))="","",SUM(OFFSET(OFFSET('Tableau d''emprunt'!$I$5,0,12*(DU3-1)),0,0,1,12)))) | DV22: =IF(DV3="","",IF(OFFSET('Tableau d''emprunt'!$I$5,0,12*(DV3-1))="","",SUM(OFFSET(OFFSET('Tableau d''emprunt'!$I$5,0,12*(DV3-1)),0,0,1,12)))) | DW22: =IF(DW3="","",IF(OFFSET('Tableau d''emprunt'!$I$5,0,12*(DW3-1))="","",SUM(OFFSET(OFFSET('Tableau d''emprunt'!$I$5,0,12*(DW3-1)),0,0,1,12)))) | DX22: =IF(DX3="","",IF(OFFSET('Tableau d''emprunt'!$I$5,0,12*(DX3-1))="","",SUM(OFFSET(OFFSET('Tableau d''emprunt'!$I$5,0,12*(DX3-1)),0,0,1,12)))) | DY22: =IF(DY3="","",IF(OFFSET('Tableau d''emprunt'!$I$5,0,12*(DY3-1))="","",SUM(OFFSET(OFFSET('Tableau d''emprunt'!$I$5,0,12*(DY3-1)),0,0,1,12)))) | DZ22: =IF(DZ3="","",IF(OFFSET('Tableau d''emprunt'!$I$5,0,12*(DZ3-1))="","",SUM(OFFSET(OFFSET('Tableau d''emprunt'!$I$5,0,12*(DZ3-1)),0,0,1,12)))) | EA22: =IF(EA3="","",IF(OFFSET('Tableau d''emprunt'!$I$5,0,12*(EA3-1))="","",SUM(OFFSET(OFFSET('Tableau d''emprunt'!$I$5,0,12*(EA3-1)),0,0,1,12)))) | ... EL22: =IF(EL3="","",IF(OFFSET('Tableau d''emprunt'!$I$5,0,12*(EL3-1))="","",SUM(OFFSET(OFFSET('Tableau d''emprunt'!$I$5,0,12*(EL3-1)),0,0,1,12))))
A23: Amortissement du prêt retraité de l'inflation : | B23: 0 | C23: =IF(C3="","",C22/POWER(1+'Caracs du projet'!$E$93,C3)) -> 2248.4257 | D23: =IF(D3="","",D22/POWER(1+'Caracs du projet'!$E$93,D3)) -> 2252.2101 | E23: =IF(E3="","",E22/POWER(1+'Caracs du projet'!$E$93,E3)) -> 2256.001 | F23: =IF(F3="","",F22/POWER(1+'Caracs du projet'!$E$93,F3)) -> 2259.7982 | G23: =IF(G3="","",G22/POWER(1+'Caracs du projet'!$E$93,G3)) -> 2263.6018 | H23: =IF(H3="","",H22/POWER(1+'Caracs du projet'!$E$93,H3)) -> 2267.4119 | I23: =IF(I3="","",I22/POWER(1+'Caracs du projet'!$E$93,I3)) -> 2271.2283 | J23: =IF(J3="","",J22/POWER(1+'Caracs du projet'!$E$93,J3)) -> 2275.0512 | ... ET23: =IF(ET3="","",ET22/POWER(1+'Caracs du projet'!$E$93,ET3))
A24: CAF sans retraitement des amorts immo et emprunt : | B24: =0 -> 0 | C24: =IF(C3="","",C15+C9+C12-C22) -> 1643.3158 | D24: =IF(D3="","",D15+D9+D12-D22) -> 1661.1207 | E24: =IF(E3="","",E15+E9+E12-E22) -> 1678.2127 | F24: =IF(F3="","",F15+F9+F12-F22) -> 1694.5922 | G24: =IF(G3="","",G15+G9+G12-G22) -> 1710.2594 | H24: =IF(H3="","",H15+H9+H12-H22) -> 1725.2146 | I24: =IF(I3="","",I15+I9+I12-I22) -> 1739.4581 | J24: =IF(J3="","",J15+J9+J12-J22) -> 1752.9897 | ... EV24: =IF(EV3="","",EV15+EV9+EV12-EV22)
A25: CAF retraitée amort immo et emprunt : | B25: 0 | C25: =IF(C3="","",C15+C10+C12-C23) -> 1643.5228 | D25: =IF(D3="","",D15+D10+D12-D23) -> 1662.0563 | E25: =IF(E3="","",E15+E10+E12-E23) -> 1680.3996 | F25: =IF(F3="","",F15+F10+F12-F23) -> 1698.5548 | G25: =IF(G3="","",G15+G10+G12-G23) -> 1716.5236 | H25: =IF(H3="","",H15+H10+H12-H23) -> 1734.3079 | I25: =IF(I3="","",I15+I10+I12-I23) -> 1751.9095 | J25: =IF(J3="","",J15+J10+J12-J23) -> 1769.3302 | ... EV25: =IF(EV3="","",EV15+EV10+EV12-EV23)
A27: Compte courant retraité de l'inflation : | B27: ='Caracs du projet'!E101 -> 8000 | C27: =IF(C3="","",B27/(1+'Caracs du projet'!$E$93)+(IF(B27>0,IF(AND(C25>0,B27<C25),-B27/(1+'Caracs du projet'!$E$93),-C25),IF(C25<0,-C25,0)))) -> 6277.2693 | D27: =IF(D3="","",C27/(1+'Caracs du projet'!$E$93)+(IF(C27>0,IF(AND(D25>0,C27<D25),-C27/(1+'Caracs du projet'!$E$93),-D25),IF(D25<0,-D25,0)))) -> 4553.0618 | E27: =IF(E3="","",D27/(1+'Caracs du projet'!$E$93)+(IF(D27>0,IF(AND(E25>0,D27<E25),-D27/(1+'Caracs du projet'!$E$93),-E25),IF(E25<0,-E25,0)))) -> 2827.5823 | F27: =IF(F3="","",E27/(1+'Caracs du projet'!$E$93)+(IF(E27>0,IF(AND(F25>0,E27<F25),-E27/(1+'Caracs du projet'!$E$93),-F25),IF(F25<0,-F25,0)))) -> 1101.0317 | G27: =IF(G3="","",F27/(1+'Caracs du projet'!$E$93)+(IF(F27>0,IF(AND(G25>0,F27<G25),-F27/(1+'Caracs du projet'!$E$93),-G25),IF(G25<0,-G25,0)))) -> 0 | H27: =IF(H3="","",G27/(1+'Caracs du projet'!$E$93)+(IF(G27>0,IF(AND(H25>0,G27<H25),-G27/(1+'Caracs du projet'!$E$93),-H25),IF(H25<0,-H25,0)))) -> 0 | I27: =IF(I3="","",H27/(1+'Caracs du projet'!$E$93)+(IF(H27>0,IF(AND(I25>0,H27<I25),-H27/(1+'Caracs du projet'!$E$93),-I25),IF(I25<0,-I25,0)))) -> 0 | J27: =IF(J3="","",I27/(1+'Caracs du projet'!$E$93)+(IF(I27>0,IF(AND(J25>0,I27<J25),-I27/(1+'Caracs du projet'!$E$93),-J25),IF(J25<0,-J25,0)))) -> 0 | ... ER27: =IF(ER3="","",EQ27/(1+'Caracs du projet'!$E$93)+(IF(EQ27>0,IF(AND(ER25>0,EQ27<ER25),-EQ27/(1+'Caracs du projet'!$E$93),-ER25),IF(ER25<0,-ER25,0))))
A28: Compte courant non retraité de l'inflation : | B28: ='Caracs du projet'!E101 -> 8000 | C28: =IF(C3="","",B28+(IF(B28>0,IF(AND(C24>0,B28<C24),-B28,-C24),IF(C24<0,-C24,0)))) -> 6356.6842 | D28: =IF(D3="","",C28+(IF(C28>0,IF(AND(D24>0,C28<D24),-C28,-D24),IF(D24<0,-D24,0)))) -> 4695.5635 | E28: =IF(E3="","",D28+(IF(D28>0,IF(AND(E24>0,D28<E24),-D28,-E24),IF(E24<0,-E24,0)))) -> 3017.3508 | F28: =IF(F3="","",E28+(IF(E28>0,IF(AND(F24>0,E28<F24),-E28,-F24),IF(F24<0,-F24,0)))) -> 1322.7586 | G28: =IF(G3="","",F28+(IF(F28>0,IF(AND(G24>0,F28<G24),-F28,-G24),IF(G24<0,-G24,0)))) -> 0 | H28: =IF(H3="","",G28+(IF(G28>0,IF(AND(H24>0,G28<H24),-G28,-H24),IF(H24<0,-H24,0)))) -> 0 | I28: =IF(I3="","",H28+(IF(H28>0,IF(AND(I24>0,H28<I24),-H28,-I24),IF(I24<0,-I24,0)))) -> 0 | J28: =IF(J3="","",I28+(IF(I28>0,IF(AND(J24>0,I28<J24),-I28,-J24),IF(J24<0,-J24,0)))) -> 0 | ... V28: =IF(V3="","",U28+(IF(U28>0,IF(AND(V24>0,U28<V24),-U28,-V24),IF(V24<0,-V24,0)))) -> 0
A29: Perte de valeur annuelle du CC compte tenu de l'inflation : | B29: =0 -> 0 | C29: =IF(C3="","",B27-B27/(1+'Caracs du projet'!$E$93)) -> 79.207921 | D29: =IF(D3="","",C27-C27/(1+'Caracs du projet'!$E$93)) -> 62.151181 | E29: =IF(E3="","",D27-D27/(1+'Caracs du projet'!$E$93)) -> 45.07982 | F29: =IF(F3="","",E27-E27/(1+'Caracs du projet'!$E$93)) -> 27.995865 | G29: =IF(G3="","",F27-F27/(1+'Caracs du projet'!$E$93)) -> 10.901304 | H29: =IF(H3="","",G27-G27/(1+'Caracs du projet'!$E$93)) -> 0 | I29: =IF(I3="","",H27-H27/(1+'Caracs du projet'!$E$93)) -> 0 | J29: =IF(J3="","",I27-I27/(1+'Caracs du projet'!$E$93)) -> 0 | ... EQ29: =IF(EQ3="","",EP27-EP27/(1+'Caracs du projet'!$E$93))
A30: Apport perso : | B30: ='Caracs du projet'!E101 -> 8000 | C30: =IF(C3="","",IF(B27/(1+'Caracs du projet'!$E$93)-C27<0,C27-B27/(1+'Caracs du projet'!$E$93),0)) -> 0 | D30: =IF(D3="","",IF(C27/(1+'Caracs du projet'!$E$93)-D27<0,D27-C27/(1+'Caracs du projet'!$E$93),0)) -> 0 | E30: =IF(E3="","",IF(D27/(1+'Caracs du projet'!$E$93)-E27<0,E27-D27/(1+'Caracs du projet'!$E$93),0)) -> 0 | F30: =IF(F3="","",IF(E27/(1+'Caracs du projet'!$E$93)-F27<0,F27-E27/(1+'Caracs du projet'!$E$93),0)) -> 0 | G30: =IF(G3="","",IF(F27/(1+'Caracs du projet'!$E$93)-G27<0,G27-F27/(1+'Caracs du projet'!$E$93),0)) -> 0 | H30: =IF(H3="","",IF(G27/(1+'Caracs du projet'!$E$93)-H27<0,H27-G27/(1+'Caracs du projet'!$E$93),0)) -> 0 | I30: =IF(I3="","",IF(H27/(1+'Caracs du projet'!$E$93)-I27<0,I27-H27/(1+'Caracs du projet'!$E$93),0)) -> 0 | J30: =IF(J3="","",IF(I27/(1+'Caracs du projet'!$E$93)-J27<0,J27-I27/(1+'Caracs du projet'!$E$93),0)) -> 0 | ... ER30: =IF(ER3="","",IF(EQ27/(1+'Caracs du projet'!$E$93)-ER27<0,ER27-EQ27/(1+'Caracs du projet'!$E$93),0))
A31: Rb du compte courant : | B31: 0 | C31: =IF(C3="","",IF(C27-B27/(1+'Caracs du projet'!$E$93)<0,MIN(B27/(1+'Caracs du projet'!$E$93),C25),0)) -> 1643.5228 | D31: =IF(D3="","",IF(D27-C27/(1+'Caracs du projet'!$E$93)<0,MIN(C27/(1+'Caracs du projet'!$E$93),D25),0)) -> 1662.0563 | E31: =IF(E3="","",IF(E27-D27/(1+'Caracs du projet'!$E$93)<0,MIN(D27/(1+'Caracs du projet'!$E$93),E25),0)) -> 1680.3996 | F31: =IF(F3="","",IF(F27-E27/(1+'Caracs du projet'!$E$93)<0,MIN(E27/(1+'Caracs du projet'!$E$93),F25),0)) -> 1698.5548 | G31: =IF(G3="","",IF(G27-F27/(1+'Caracs du projet'!$E$93)<0,MIN(F27/(1+'Caracs du projet'!$E$93),G25),0)) -> 1090.1304 | H31: =IF(H3="","",IF(H27-G27/(1+'Caracs du projet'!$E$93)<0,MIN(G27/(1+'Caracs du projet'!$E$93),H25),0)) -> 0 | I31: =IF(I3="","",IF(I27-H27/(1+'Caracs du projet'!$E$93)<0,MIN(H27/(1+'Caracs du projet'!$E$93),I25),0)) -> 0 | J31: =IF(J3="","",IF(J27-I27/(1+'Caracs du projet'!$E$93)<0,MIN(I27/(1+'Caracs du projet'!$E$93),J25),0)) -> 0 | ... ER31: =IF(ER3="","",IF(ER27-EQ27/(1+'Caracs du projet'!$E$93)<0,MIN(EQ27/(1+'Caracs du projet'!$E$93),ER25),0))
A33: Max résultat net distribuable de l'année : | B33: =0 -> 0 | C33: =IF(C3="","",MIN(C15,MAX(C25-C31,0))) -> 0 | D33: =IF(D3="","",MIN(D15,MAX(D25-D31,0))) -> 0 | E33: =IF(E3="","",MIN(E15,MAX(E25-E31,0))) -> 0 | F33: =IF(F3="","",MIN(F15,MAX(F25-F31,0))) -> 0 | G33: =IF(G3="","",MIN(G15,MAX(G25-G31,0))) -> 626.39327 | H33: =IF(H3="","",MIN(H15,MAX(H25-H31,0))) -> 1734.3079 | I33: =IF(I3="","",MIN(I15,MAX(I25-I31,0))) -> 1751.9095 | J33: =IF(J3="","",MIN(J15,MAX(J25-J31,0))) -> 1769.3302 | ... DL33: =IF(DL3="","",MIN(DL15,MAX(DL25-DL31,0))) | DM33: =IF(DM3="","",MIN(DM15,MAX(DM25,0))) | DN33: =IF(DN3="","",MIN(DN15,MAX(DN25,0))) | DO33: =IF(DO3="","",MIN(DO15,MAX(DO25,0))) | DP33: =IF(DP3="","",MIN(DP15,MAX(DP25,0))) | DQ33: =IF(DQ3="","",MIN(DQ15,MAX(DQ25,0))) | DR33: =IF(DR3="","",MIN(DR15,MAX(DR25,0))) | DS33: =IF(DS3="","",MIN(DS15,MAX(DS25,0))) | DT33: =IF(DT3="","",MIN(DT15,MAX(DT25,0))) | ... EV33: =IF(EV3="","",MIN(EV15,MAX(EV25,0)))
A34: Réserves compte tenu de l'inflation : | B34: =0 -> 0 | C34: =IF(C3="","",B34/(1+'Caracs du projet'!$E$93)+B15/(1+'Caracs du projet'!$E$93)-B33/(1+'Caracs du projet'!$E$93)-B36/(1+'Caracs du projet'!$E$93)) -> 0 | D34: =IF(D3="","",IF(C34+C15-C33-C36>0,C34/(1+'Caracs du projet'!$E$93)+C15/(1+'Caracs du projet'!$E$93)-C33/(1+'Caracs du projet'!$E$93)-C36/(1+'Caracs du projet'!$E$93),0)) -> 1647.7482 | E34: =IF(E3="","",IF(D34+D15-D33-D36>0,D34/(1+'Caracs du projet'!$E$93)+D15/(1+'Caracs du projet'!$E$93)-D33/(1+'Caracs du projet'!$E$93)-D36/(1+'Caracs du projet'!$E$93),0)) -> 3323.1173 | F34: =IF(F3="","",IF(E34+E15-E33-E36>0,E34/(1+'Caracs du projet'!$E$93)+E15/(1+'Caracs du projet'!$E$93)-E33/(1+'Caracs du projet'!$E$93)-E36/(1+'Caracs du projet'!$E$93),0)) -> 5025.4358 | G34: =IF(G3="","",IF(F34+F15-F33-F36>0,F34/(1+'Caracs du projet'!$E$93)+F15/(1+'Caracs du projet'!$E$93)-F33/(1+'Caracs du projet'!$E$93)-F36/(1+'Caracs du projet'!$E$93),0)) -> 6754.0426 | H34: =IF(H3="","",IF(G34+G15-G33-G36>0,G34/(1+'Caracs du projet'!$E$93)+G15/(1+'Caracs du projet'!$E$93)-G33/(1+'Caracs du projet'!$E$93)-G36/(1+'Caracs du projet'!$E$93),0)) -> 7888.096 | I34: =IF(I3="","",IF(H34+H15-H33-H36>0,H34/(1+'Caracs du projet'!$E$93)+H15/(1+'Caracs du projet'!$E$93)-H33/(1+'Caracs du projet'!$E$93)-H36/(1+'Caracs du projet'!$E$93),0)) -> 7956.3427 | J34: =IF(J3="","",IF(I34+I15-I33-I36>0,I34/(1+'Caracs du projet'!$E$93)+I15/(1+'Caracs du projet'!$E$93)-I33/(1+'Caracs du projet'!$E$93)-I36/(1+'Caracs du projet'!$E$93),0)) -> 8048.4707 | K34: =IF(K3="","",IF(J34+J15-J33-J36>0,J34/(1+'Caracs du projet'!$E$93)+J15/(1+'Caracs du projet'!$E$93)-J33/(1+'Caracs du projet'!$E$93)-J36/(1+'Caracs du projet'!$E$93),0)) -> 8164.0441 | ... EV34: =IF(EV3="","",IF(EU34+EU15-EU33-EU36>0,EU34/(1+'Caracs du projet'!$E$93)+EU15/(1+'Caracs du projet'!$E$93)-EU33/(1+'Caracs du projet'!$E$93)-EU36/(1+'Caracs du projet'!$E$93),0))
A35: Perte de valeur annuelle des réserves compte tenu de l'infl : | B35: =0 -> 0 | C35: =IF(C3="","",(B34-B36)-(B34-B36)/(1+'Caracs du projet'!$E$93)+(B15-B33)-(B15-B33)/(1+'Caracs du projet'!$E$93)) -> 0 | D35: =IF(D3="","",(C34-C36)-(C34-C36)/(1+'Caracs du projet'!$E$93)+(C15-C33)-(C15-C33)/(1+'Caracs du projet'!$E$93)) -> 16.477482 | E35: =IF(E3="","",(D34-D36)-(D34-D36)/(1+'Caracs du projet'!$E$93)+(D15-D33)-(D15-D33)/(1+'Caracs du projet'!$E$93)) -> 33.231173 | F35: =IF(F3="","",(E34-E36)-(E34-E36)/(1+'Caracs du projet'!$E$93)+(E15-E33)-(E15-E33)/(1+'Caracs du projet'!$E$93)) -> 50.254358 | G35: =IF(G3="","",(F34-F36)-(F34-F36)/(1+'Caracs du projet'!$E$93)+(F15-F33)-(F15-F33)/(1+'Caracs du projet'!$E$93)) -> 67.540426 | H35: =IF(H3="","",(G34-G36)-(G34-G36)/(1+'Caracs du projet'!$E$93)+(G15-G33)-(G15-G33)/(1+'Caracs du projet'!$E$93)) -> 78.88096 | I35: =IF(I3="","",(H34-H36)-(H34-H36)/(1+'Caracs du projet'!$E$93)+(H15-H33)-(H15-H33)/(1+'Caracs du projet'!$E$93)) -> 79.563427 | J35: =IF(J3="","",(I34-I36)-(I34-I36)/(1+'Caracs du projet'!$E$93)+(I15-I33)-(I15-I33)/(1+'Caracs du projet'!$E$93)) -> 80.484707 | ... EV35: =IF(EV3="","",(EU34-EU36)-(EU34-EU36)/(1+'Caracs du projet'!$E$93)+(EU15-EU33)-(EU15-EU33)/(1+'Caracs du projet'!$E$93))
A36: Max distribution des réserves : | B36: =0 -> 0 | C36: =IF(C3="","",MIN(C34,IF(C25-C15-C31<0,0,C25-C15-C31))) -> 0 | D36: =IF(D3="","",MIN(D34,IF(D25-D15-D31<0,0,D25-D15-D31))) -> 0 | E36: =IF(E3="","",MIN(E34,IF(E25-E15-E31<0,0,E25-E15-E31))) -> 0 | F36: =IF(F3="","",MIN(F34,IF(F25-F15-F31<0,0,F25-F15-F31))) -> 0 | G36: =IF(G3="","",MIN(G34,IF(G25-G15-G31<0,0,G25-G15-G31))) -> 0 | H36: =IF(H3="","",MIN(H34,IF(H25-H15-H31<0,0,H25-H15-H31))) -> 0 | I36: =IF(I3="","",MIN(I34,IF(I25-I15-I31<0,0,I25-I15-I31))) -> 0 | J36: =IF(J3="","",MIN(J34,IF(J25-J15-J31<0,0,J25-J15-J31))) -> 0 | ... EU36: =IF(EU3="","",MIN(EU34,IF(EU25-EU15-EU31<0,0,EU25-EU15-EU31)))
A37: Total distribution (résultat + réserves) : | B37: =0 -> 0 | C37: =IF(C3="","",C33+C36) -> 0 | D37: =IF(D3="","",D33+D36) -> 0 | E37: =IF(E3="","",E33+E36) -> 0 | F37: =IF(F3="","",F33+F36) -> 0 | G37: =IF(G3="","",G33+G36) -> 626.39327 | H37: =IF(H3="","",H33+H36) -> 1734.3079 | I37: =IF(I3="","",I33+I36) -> 1751.9095 | J37: =IF(J3="","",J33+J36) -> 1769.3302 | ... ES37: =IF(ES3="","",ES33+ES36)
A38: Total distribution nette de PS et d'IR : | B38: =0 -> 0 | C38: =IF(C3="","",C37*(1-'Caracs du projet'!$E$63)) -> 0 | D38: =IF(D3="","",D37*(1-'Caracs du projet'!$E$63)) -> 0 | E38: =IF(E3="","",E37*(1-'Caracs du projet'!$E$63)) -> 0 | F38: =IF(F3="","",F37*(1-'Caracs du projet'!$E$63)) -> 0 | G38: =IF(G3="","",G37*(1-'Caracs du projet'!$E$63)) -> 466.03659 | H38: =IF(H3="","",H37*(1-'Caracs du projet'!$E$63)) -> 1290.3251 | I38: =IF(I3="","",I37*(1-'Caracs du projet'!$E$63)) -> 1303.4207 | J38: =IF(J3="","",J37*(1-'Caracs du projet'!$E$63)) -> 1316.3817 | ... EU38: =IF(EU3="","",EU37*(1-'Caracs du projet'!$E$63))
A41: Gains nets actualisés à la VAN : | B41: =IF(B3="","",B42/((1+'Caracs du projet'!$E$90)^(B3))) -> -8000 | C41: =IF(C3="","",C42/((1+'Caracs du projet'!$E$90)^(C3))) -> 1635.3461 | D41: =IF(D3="","",D42/((1+'Caracs du projet'!$E$90)^(D3))) -> 1645.5595 | E41: =IF(E3="","",E42/((1+'Caracs du projet'!$E$90)^(E3))) -> 1655.4436 | F41: =IF(F3="","",F42/((1+'Caracs du projet'!$E$90)^(F3))) -> 1665.0041 | G41: =IF(G3="","",G42/((1+'Caracs du projet'!$E$90)^(G3))) -> 1517.8396 | H41: =IF(H3="","",H42/((1+'Caracs du projet'!$E$90)^(H3))) -> 1252.2838 | I41: =IF(I3="","",I42/((1+'Caracs du projet'!$E$90)^(I3))) -> 1258.6998 | ... EU41: =IF(EU3="","",EU42/((1+'Caracs du projet'!$E$90)^(EU3)))
A42: Gains nets : | B42: =IF(B3="","",B31+B38-B30) -> -8000 | C42: =IF(C3="","",C31+C38-C30) -> 1643.5228 | D42: =IF(D3="","",D31+D38-D30) -> 1662.0563 | E42: =IF(E3="","",E31+E38-E30) -> 1680.3996 | F42: =IF(F3="","",F31+F38-F30) -> 1698.5548 | G42: =IF(G3="","",G31+G38-G30) -> 1556.167 | H42: =IF(H3="","",H31+H38-H30) -> 1290.3251 | I42: =IF(I3="","",I31+I38-I30) -> 1303.4207 | ... ES42: =IF(ES3="","",ES31+ES38-ES30) | ET42: =IF(ET3="","",ET31+ET38) | EU42: =IF(EU3="","",EU31+EU38)
A45: Cumul gain : | B45: =IF(B3="","",B42) -> -8000 | C45: =IF(C3="","",B45+C42) -> -6356.4772 | D45: =IF(D3="","",C45+D42) -> -4694.4209 | E45: =IF(E3="","",D45+E42) -> -3014.0213 | F45: =IF(F3="","",E45+F42) -> -1315.4665 | G45: =IF(G3="","",F45+G42) -> 240.7005 | H45: =IF(H3="","",G45+H42) -> 1531.0256 | I45: =IF(I3="","",H45+I42) -> 2834.4463 | J45: =IF(J3="","",I45+J42) -> 4150.828 | ... EV45: =IF(EV3="","",EU45+EV42)
A46: Cumul gains actualisés : | B46: =IF(B3="","",B41) -> -8000 | C46: =IF(C3="","",B46+C41) -> -6364.6539 | D46: =IF(D3="","",C46+D41) -> -4719.0944 | E46: =IF(E3="","",D46+E41) -> -3063.6508 | F46: =IF(F3="","",E46+F41) -> -1398.6466 | G46: =IF(G3="","",F46+G41) -> 119.193 | H46: =IF(H3="","",G46+H41) -> 1371.4768 | I46: =IF(I3="","",H46+I41) -> 2630.1767 | J46: =IF(J3="","",I46+J41) -> 3895.0684 | ... ET46: =IF(ET3="","",ES46+ET41)
M49: INFOS GENERALES :
M51: VAN : | N51: =B42+NPV('Caracs du projet'!E90,OFFSET(C42,0,0,1,COUNT(42:42)-1)) -> 55779.095
M53: VAN sans revente : | N53: =B42+NPV('Caracs du projet'!E90,OFFSET(C42,0,0,1,COUNT(42:42)-2)) -> 24341.891
M55: Montant perso à investir : | N55: =B30+NPV('Caracs du projet'!E88,Tableau_IS_apport_perso) -> 8000
M57: Délai récup : | N57: =IF(AND(B45>=0,C45>=0),0,MATCH(SMALL(OFFSET(C45,0,0,1,COUNT(45:45)-1),1+COUNTIF(C45:EU45,"<0")),B45:ER45)-1) -> 5 | O57: années
M60: INFOS SUR LA DERNIERE ANNEE :
M62: Bénéfice : | N62: =HLOOKUP('Caracs du projet'!E21,'Tableau SCI IS'!A3:EV42,13) -> 44842.621
M64: Gain net : | N64: =HLOOKUP('Caracs du projet'!E21,'Tableau SCI IS'!A3:EV42,40) -> 34734.828

Sheet Tableau Foncier
A3: Années : | B3: =0 -> 0 | C3: =1 -> 1 | D3: =IF(OR(C3='Caracs du projet'!$E$21,C3=""),"",C3+1) -> 2 | E3: =IF(OR(D3='Caracs du projet'!$E$21,D3=""),"",D3+1) -> 3 | F3: =IF(OR(E3='Caracs du projet'!$E$21,E3=""),"",E3+1) -> 4 | G3: =IF(OR(F3='Caracs du projet'!$E$21,F3=""),"",F3+1) -> 5 | H3: =IF(OR(G3='Caracs du projet'!$E$21,G3=""),"",G3+1) -> 6 | I3: =IF(OR(H3='Caracs du projet'!$E$21,H3=""),"",H3+1) -> 7 | J3: =IF(OR(I3='Caracs du projet'!$E$21,I3=""),"",I3+1) -> 8 | K3: =IF(OR(J3='Caracs du projet'!$E$21,J3=""),"",J3+1) -> 9 | ... CV3: =IF(OR(CU3='Caracs du projet'!$E$21,CU3=""),"",CU3+1)
A5: CA | B5: 0 | C5: =IF(C3="","",'Caracs du projet'!$E$30) -> 4600 | D5: =IF(D3="","",'Caracs du projet'!$E$30) -> 4600 | E5: =IF(E3="","",'Caracs du projet'!$E$30) -> 4600 | F5: =IF(F3="","",'Caracs du projet'!$E$30) -> 4600 | G5: =IF(G3="","",'Caracs du projet'!$E$30) -> 4600 | H5: =IF(H3="","",'Caracs du projet'!$E$30) -> 4600 | I5: =IF(I3="","",'Caracs du projet'!$E$30) -> 4600 | J5: =IF(J3="","",'Caracs du projet'!$E$30) -> 4600 | ... CV5: =IF(CV3="","",'Caracs du projet'!$E$30)
A6: - Autres charges | B6: 0 | C6: =IF(C3="","",'Caracs du projet'!$E$44) -> 1400 | D6: =IF(D3="","",'Caracs du projet'!$E$44) -> 1400 | E6: =IF(E3="","",'Caracs du projet'!$E$44) -> 1400 | F6: =IF(F3="","",'Caracs du projet'!$E$44) -> 1400 | G6: =IF(G3="","",'Caracs du projet'!$E$44) -> 1400 | H6: =IF(H3="","",'Caracs du projet'!$E$44) -> 1400 | I6: =IF(I3="","",'Caracs du projet'!$E$44) -> 1400 | J6: =IF(J3="","",'Caracs du projet'!$E$44) -> 1400 | ... CV6: =IF(CV3="","",'Caracs du projet'!$E$44)
A7: - Charges d'intérêts | B7: 0 | C7: =IF(C3="","",IF(OFFSET('Tableau d''emprunt'!$I$4,0,12*(C3-1))="",0,SUM(OFFSET(OFFSET('Tableau d''emprunt'!$I$4,0,12*(C3-1)),0,0,1,12)))) -> 418.50828 | D7: =IF(D3="","",IF(OFFSET('Tableau d''emprunt'!$I$4,0,12*(D3-1))="",0,SUM(OFFSET(OFFSET('Tableau d''emprunt'!$I$4,0,12*(D3-1)),0,0,1,12)))) -> 391.93864 | E7: =IF(E3="","",IF(OFFSET('Tableau d''emprunt'!$I$4,0,12*(E3-1))="",0,SUM(OFFSET(OFFSET('Tableau d''emprunt'!$I$4,0,12*(E3-1)),0,0,1,12)))) -> 365.05813 | F7: =IF(F3="","",IF(OFFSET('Tableau d''emprunt'!$I$4,0,12*(F3-1))="",0,SUM(OFFSET(OFFSET('Tableau d''emprunt'!$I$4,0,12*(F3-1)),0,0,1,12)))) -> 337.86311 | G7: =IF(G3="","",IF(OFFSET('Tableau d''emprunt'!$I$4,0,12*(G3-1))="",0,SUM(OFFSET(OFFSET('Tableau d''emprunt'!$I$4,0,12*(G3-1)),0,0,1,12)))) -> 310.34992 | H7: =IF(H3="","",IF(OFFSET('Tableau d''emprunt'!$I$4,0,12*(H3-1))="",0,SUM(OFFSET(OFFSET('Tableau d''emprunt'!$I$4,0,12*(H3-1)),0,0,1,12)))) -> 282.51482 | I7: =IF(I3="","",IF(OFFSET('Tableau d''emprunt'!$I$4,0,12*(I3-1))="",0,SUM(OFFSET(OFFSET('Tableau d''emprunt'!$I$4,0,12*(I3-1)),0,0,1,12)))) -> 254.35405 | J7: =IF(J3="","",IF(OFFSET('Tableau d''emprunt'!$I$4,0,12*(J3-1))="",0,SUM(OFFSET(OFFSET('Tableau d''emprunt'!$I$4,0,12*(J3-1)),0,0,1,12)))) -> 225.8638 | ... ES7: =IF(ES3="","",IF(OFFSET('Tableau d''emprunt'!$I$4,0,12*(ES3-1))="",0,SUM(OFFSET(OFFSET('Tableau d''emprunt'!$I$4,0,12*(ES3-1)),0,0,1,12))))
A8: - Charges d'intérêts retraitées de l'inflation | B8: =IF(B3="","",B7/POWER(1+'Caracs du projet'!$E$93,B3-1)) -> 0 | C8: =IF(C3="","",C7/POWER(1+'Caracs du projet'!$E$93,C3)) -> 414.36464 | D8: =IF(D3="","",D7/POWER(1+'Caracs du projet'!$E$93,D3)) -> 384.2159 | E8: =IF(E3="","",E7/POWER(1+'Caracs du projet'!$E$93,E3)) -> 354.32182 | F8: =IF(F3="","",F7/POWER(1+'Caracs du projet'!$E$93,F3)) -> 324.67981 | G8: =IF(G3="","",G7/POWER(1+'Caracs du projet'!$E$93,G3)) -> 295.2873 | H8: =IF(H3="","",H7/POWER(1+'Caracs du projet'!$E$93,H3)) -> 266.14174 | I8: =IF(I3="","",I7/POWER(1+'Caracs du projet'!$E$93,I3)) -> 237.24062 | J8: =IF(J3="","",J7/POWER(1+'Caracs du projet'!$E$93,J3)) -> 208.58143 | ... ER8: =IF(ER3="","",ER7/POWER(1+'Caracs du projet'!$E$93,ER3))
A9: = Résultat | B9: 0 | C9: =IF(C3="","",C5-C6-C8) -> 2785.6354 | D9: =IF(D3="","",D5-D6-D8) -> 2815.7841 | E9: =IF(E3="","",E5-E6-E8) -> 2845.6782 | F9: =IF(F3="","",F5-F6-F8) -> 2875.3202 | G9: =IF(G3="","",G5-G6-G8) -> 2904.7127 | H9: =IF(H3="","",H5-H6-H8) -> 2933.8583 | I9: =IF(I3="","",I5-I6-I8) -> 2962.7594 | J9: =IF(J3="","",J5-J6-J8) -> 2991.4186 | ... EP9: =IF(EP3="","",EP5-EP6-EP8) | EQ9: =IF(EQ3="","",EQ5-EQ6-EQ8-#REF!+#REF!) | ER9: =IF(ER3="","",ER5-ER6-ER8-#REF!-#REF!+#REF!)
A12: Prélèvements sociaux | B12: 0 | C12: =IF(C3="","",C9*'Caracs du projet'!$E$12) -> 479.12928 | D12: =IF(D3="","",D9*'Caracs du projet'!$E$12) -> 484.31487 | E12: =IF(E3="","",E9*'Caracs du projet'!$E$12) -> 489.45665 | F12: =IF(F3="","",F9*'Caracs du projet'!$E$12) -> 494.55507 | G12: =IF(G3="","",G9*'Caracs du projet'!$E$12) -> 499.61058 | H12: =IF(H3="","",H9*'Caracs du projet'!$E$12) -> 504.62362 | I12: =IF(I3="","",I9*'Caracs du projet'!$E$12) -> 509.59461 | J12: =IF(J3="","",J9*'Caracs du projet'!$E$12) -> 514.52399 | ... EL12: =IF(EL3="","",EL9*'Caracs du projet'!$E$12)
A13: + IR | B13: 0 | C13: =IF(C3="","",C9*'Caracs du projet'!$E$60) -> 389.98895 | D13: =IF(D3="","",D9*'Caracs du projet'!$E$60) -> 394.20977 | E13: =IF(E3="","",E9*'Caracs du projet'!$E$60) -> 398.39494 | F13: =IF(F3="","",F9*'Caracs du projet'!$E$60) -> 402.54483 | G13: =IF(G3="","",G9*'Caracs du projet'!$E$60) -> 406.65978 | H13: =IF(H3="","",H9*'Caracs du projet'!$E$60) -> 410.74016 | I13: =IF(I3="","",I9*'Caracs du projet'!$E$60) -> 414.78631 | J13: =IF(J3="","",J9*'Caracs du projet'!$E$60) -> 418.7986 | ... EL13: =IF(EL3="","",EL9*'Caracs du projet'!$E$60)
A14: = Imposition du Résultat | B14: 0 | C14: =IF(C3="","",C12+C13) -> 869.11823 | D14: =IF(D3="","",D12+D13) -> 878.52464 | E14: =IF(E3="","",E12+E13) -> 887.85159 | F14: =IF(F3="","",F12+F13) -> 897.0999 | G14: =IF(G3="","",G12+G13) -> 906.27036 | H14: =IF(H3="","",H12+H13) -> 915.36378 | I14: =IF(I3="","",I12+I13) -> 924.38093 | J14: =IF(J3="","",J12+J13) -> 933.32259 | ... EL14: =IF(EL3="","",EL12+EL13)
A17: Si cession : Prix de vente : | B17: =IF(B3="","",IF(B3='Caracs du projet'!$E$21,'Caracs du projet'!$E$22,0)) -> 0 | C17: =IF(C3="","",IF(C3='Caracs du projet'!$E$21,'Caracs du projet'!$E$22,0)) -> 0 | D17: =IF(D3="","",IF(D3='Caracs du projet'!$E$21,'Caracs du projet'!$E$22,0)) -> 0 | E17: =IF(E3="","",IF(E3='Caracs du projet'!$E$21,'Caracs du projet'!$E$22,0)) -> 0 | F17: =IF(F3="","",IF(F3='Caracs du projet'!$E$21,'Caracs du projet'!$E$22,0)) -> 0 | G17: =IF(G3="","",IF(G3='Caracs du projet'!$E$21,'Caracs du projet'!$E$22,0)) -> 0 | H17: =IF(H3="","",IF(H3='Caracs du projet'!$E$21,'Caracs du projet'!$E$22,0)) -> 0 | I17: =IF(I3="","",IF(I3='Caracs du projet'!$E$21,'Caracs du projet'!$E$22,0)) -> 0 | ... EV17: =IF(EV3="","",IF(EV3='Caracs du projet'!$E$21,'Caracs du projet'!$E$22,0))
A18: Imposition plus-value : | B18: =IF(B3="","",IF(B3<'Caracs du projet'!$E$21,0,IF('Caracs du projet'!$E$22-'Caracs du projet'!$E$20*1.225>0,('Caracs du projet'!$E$22-'Caracs du projet'!$E$20*1.225)*'Caracs du projet'!$E$61,0))) -> 0 | C18: =IF(C3="","",IF(C3<'Caracs du projet'!$E$21,0,IF('Caracs du projet'!$E$22-'Caracs du projet'!$E$20*1.225>0,('Caracs du projet'!$E$22-'Caracs du projet'!$E$20*1.225)*'Caracs du projet'!$E$61,0))) -> 0 | D18: =IF(D3="","",IF(D3<'Caracs du projet'!$E$21,0,IF('Caracs du projet'!$E$22-'Caracs du projet'!$E$20*1.225>0,('Caracs du projet'!$E$22-'Caracs du projet'!$E$20*1.225)*'Caracs du projet'!$E$61,0))) -> 0 | E18: =IF(E3="","",IF(E3<'Caracs du projet'!$E$21,0,IF('Caracs du projet'!$E$22-'Caracs du projet'!$E$20*1.225>0,('Caracs du projet'!$E$22-'Caracs du projet'!$E$20*1.225)*'Caracs du projet'!$E$61,0))) -> 0 | F18: =IF(F3="","",IF(F3<'Caracs du projet'!$E$21,0,IF('Caracs du projet'!$E$22-'Caracs du projet'!$E$20*1.225>0,('Caracs du projet'!$E$22-'Caracs du projet'!$E$20*1.225)*'Caracs du projet'!$E$61,0))) -> 0 | G18: =IF(G3="","",IF(G3<'Caracs du projet'!$E$21,0,IF('Caracs du projet'!$E$22-'Caracs du projet'!$E$20*1.225>0,('Caracs du projet'!$E$22-'Caracs du projet'!$E$20*1.225)*'Caracs du projet'!$E$61,0))) -> 0 | H18: =IF(H3="","",IF(H3<'Caracs du projet'!$E$21,0,IF('Caracs du projet'!$E$22-'Caracs du projet'!$E$20*1.225>0,('Caracs du projet'!$E$22-'Caracs du projet'!$E$20*1.225)*'Caracs du projet'!$E$61,0))) -> 0 | I18: =IF(I3="","",IF(I3<'Caracs du projet'!$E$21,0,IF('Caracs du projet'!$E$22-'Caracs du projet'!$E$20*1.225>0,('Caracs du projet'!$E$22-'Caracs du projet'!$E$20*1.225)*'Caracs du projet'!$E$61,0))) -> 0 | ... EV18: =IF(EV3="","",IF(EV3<'Caracs du projet'!$E$21,0,IF('Caracs du projet'!$E$22-'Caracs du projet'!$E$20*1.225>0,('Caracs du projet'!$E$22-'Caracs du projet'!$E$20*1.225)*'Caracs du projet'!$E$61,0)))
A19: Imposition prélèvements sociaux : | B19: =IF(B3="","",IF(B3<'Caracs du projet'!$E$21,0,IF('Caracs du projet'!$E$22-'Caracs du projet'!$E$20>0,('Caracs du projet'!$E$22-'Caracs du projet'!$E$20)*'Caracs du projet'!$E$62,0))) -> 0 | C19: =IF(C3="","",IF(C3<'Caracs du projet'!$E$21,0,IF('Caracs du projet'!$E$22-'Caracs du projet'!$E$20>0,('Caracs du projet'!$E$22-'Caracs du projet'!$E$20)*'Caracs du projet'!$E$62,0))) -> 0 | D19: =IF(D3="","",IF(D3<'Caracs du projet'!$E$21,0,IF('Caracs du projet'!$E$22-'Caracs du projet'!$E$20>0,('Caracs du projet'!$E$22-'Caracs du projet'!$E$20)*'Caracs du projet'!$E$62,0))) -> 0 | E19: =IF(E3="","",IF(E3<'Caracs du projet'!$E$21,0,IF('Caracs du projet'!$E$22-'Caracs du projet'!$E$20>0,('Caracs du projet'!$E$22-'Caracs du projet'!$E$20)*'Caracs du projet'!$E$62,0))) -> 0 | F19: =IF(F3="","",IF(F3<'Caracs du projet'!$E$21,0,IF('Caracs du projet'!$E$22-'Caracs du projet'!$E$20>0,('Caracs du projet'!$E$22-'Caracs du projet'!$E$20)*'Caracs du projet'!$E$62,0))) -> 0 | G19: =IF(G3="","",IF(G3<'Caracs du projet'!$E$21,0,IF('Caracs du projet'!$E$22-'Caracs du projet'!$E$20>0,('Caracs du projet'!$E$22-'Caracs du projet'!$E$20)*'Caracs du projet'!$E$62,0))) -> 0 | H19: =IF(H3="","",IF(H3<'Caracs du projet'!$E$21,0,IF('Caracs du projet'!$E$22-'Caracs du projet'!$E$20>0,('Caracs du projet'!$E$22-'Caracs du projet'!$E$20)*'Caracs du projet'!$E$62,0))) -> 0 | I19: =IF(I3="","",IF(I3<'Caracs du projet'!$E$21,0,IF('Caracs du projet'!$E$22-'Caracs du projet'!$E$20>0,('Caracs du projet'!$E$22-'Caracs du projet'!$E$20)*'Caracs du projet'!$E$62,0))) -> 0 | ... EU19: =IF(EU3="","",IF(EU3<'Caracs du projet'!$E$21,0,IF('Caracs du projet'!$E$22-'Caracs du projet'!$E$20>0,('Caracs du projet'!$E$22-'Caracs du projet'!$E$20)*'Caracs du projet'!$E$62,0)))
A20: Gains nets issus de la cession : | B20: =IF(B3="","",B17-B18-B19) -> 0 | C20: =IF(C3="","",C17-C18-C19) -> 0 | D20: =IF(D3="","",D17-D18-D19) -> 0 | E20: =IF(E3="","",E17-E18-E19) -> 0 | F20: =IF(F3="","",F17-F18-F19) -> 0 | G20: =IF(G3="","",G17-G18-G19) -> 0 | H20: =IF(H3="","",H17-H18-H19) -> 0 | I20: =IF(I3="","",I17-I18-I19) -> 0 | ... EW20: =IF(EW3="","",EW17-EW18-EW19)
A23: Amortissement du prêt : | B23: 0 | C23: =IF(C3="","",IF(OFFSET('Tableau d''emprunt'!$I$5,0,12*(C3-1))="",0,SUM(OFFSET(OFFSET('Tableau d''emprunt'!$I$5,0,12*(C3-1)),0,0,1,12)))) -> 2270.9099 | D23: =IF(D3="","",IF(OFFSET('Tableau d''emprunt'!$I$5,0,12*(D3-1))="",0,SUM(OFFSET(OFFSET('Tableau d''emprunt'!$I$5,0,12*(D3-1)),0,0,1,12)))) -> 2297.4796 | E23: =IF(E3="","",IF(OFFSET('Tableau d''emprunt'!$I$5,0,12*(E3-1))="",0,SUM(OFFSET(OFFSET('Tableau d''emprunt'!$I$5,0,12*(E3-1)),0,0,1,12)))) -> 2324.3601 | F23: =IF(F3="","",IF(OFFSET('Tableau d''emprunt'!$I$5,0,12*(F3-1))="",0,SUM(OFFSET(OFFSET('Tableau d''emprunt'!$I$5,0,12*(F3-1)),0,0,1,12)))) -> 2351.5551 | G23: =IF(G3="","",IF(OFFSET('Tableau d''emprunt'!$I$5,0,12*(G3-1))="",0,SUM(OFFSET(OFFSET('Tableau d''emprunt'!$I$5,0,12*(G3-1)),0,0,1,12)))) -> 2379.0683 | H23: =IF(H3="","",IF(OFFSET('Tableau d''emprunt'!$I$5,0,12*(H3-1))="",0,SUM(OFFSET(OFFSET('Tableau d''emprunt'!$I$5,0,12*(H3-1)),0,0,1,12)))) -> 2406.9034 | I23: =IF(I3="","",IF(OFFSET('Tableau d''emprunt'!$I$5,0,12*(I3-1))="",0,SUM(OFFSET(OFFSET('Tableau d''emprunt'!$I$5,0,12*(I3-1)),0,0,1,12)))) -> 2435.0641 | J23: =IF(J3="","",IF(OFFSET('Tableau d''emprunt'!$I$5,0,12*(J3-1))="",0,SUM(OFFSET(OFFSET('Tableau d''emprunt'!$I$5,0,12*(J3-1)),0,0,1,12)))) -> 2463.5544 | ... DS23: =IF(DS3="","",IF(OFFSET('Tableau d''emprunt'!$I$5,0,12*(DS3-1))="",0,SUM(OFFSET(OFFSET('Tableau d''emprunt'!$I$5,0,12*(DS3-1)),0,0,1,12)))) | DT23: =IF(DT3="","",IF(OFFSET('Tableau d''emprunt'!$I$5,0,12*(DT3-1))="","",SUM(OFFSET(OFFSET('Tableau d''emprunt'!$I$5,0,12*(DT3-1)),0,0,1,12)))) | DU23: =IF(DU3="","",IF(OFFSET('Tableau d''emprunt'!$I$5,0,12*(DU3-1))="","",SUM(OFFSET(OFFSET('Tableau d''emprunt'!$I$5,0,12*(DU3-1)),0,0,1,12)))) | DV23: =IF(DV3="","",IF(OFFSET('Tableau d''emprunt'!$I$5,0,12*(DV3-1))="","",SUM(OFFSET(OFFSET('Tableau d''emprunt'!$I$5,0,12*(DV3-1)),0,0,1,12)))) | DW23: =IF(DW3="","",IF(OFFSET('Tableau d''emprunt'!$I$5,0,12*(DW3-1))="","",SUM(OFFSET(OFFSET('Tableau d''emprunt'!$I$5,0,12*(DW3-1)),0,0,1,12)))) | DX23: =IF(DX3="","",IF(OFFSET('Tableau d''emprunt'!$I$5,0,12*(DX3-1))="","",SUM(OFFSET(OFFSET('Tableau d''emprunt'!$I$5,0,12*(DX3-1)),0,0,1,12)))) | DY23: =IF(DY3="","",IF(OFFSET('Tableau d''emprunt'!$I$5,0,12*(DY3-1))="","",SUM(OFFSET(OFFSET('Tableau d''emprunt'!$I$5,0,12*(DY3-1)),0,0,1,12)))) | DZ23: =IF(DZ3="","",IF(OFFSET('Tableau d''emprunt'!$I$5,0,12*(DZ3-1))="","",SUM(OFFSET(OFFSET('Tableau d''emprunt'!$I$5,0,12*(DZ3-1)),0,0,1,12)))) | EA23: =IF(EA3="","",IF(OFFSET('Tableau d''emprunt'!$I$5,0,12*(EA3-1))="","",SUM(OFFSET(OFFSET('Tableau d''emprunt'!$I$5,0,12*(EA3-1)),0,0,1,12)))) | ... EL23: =IF(EL3="","",IF(OFFSET('Tableau d''emprunt'!$I$5,0,12*(EL3-1))="","",SUM(OFFSET(OFFSET('Tableau d''emprunt'!$I$5,0,12*(EL3-1)),0,0,1,12))))
A24: Amortissement du prêt retraité de l'inflation : | B24: 0 | C24: =IF(C3="","",C23/POWER(1+'Caracs du projet'!$E$93,C3)) -> 2248.4257 | D24: =IF(D3="","",D23/POWER(1+'Caracs du projet'!$E$93,D3)) -> 2252.2101 | E24: =IF(E3="","",E23/POWER(1+'Caracs du projet'!$E$93,E3)) -> 2256.001 | F24: =IF(F3="","",F23/POWER(1+'Caracs du projet'!$E$93,F3)) -> 2259.7982 | G24: =IF(G3="","",G23/POWER(1+'Caracs du projet'!$E$93,G3)) -> 2263.6018 | H24: =IF(H3="","",H23/POWER(1+'Caracs du projet'!$E$93,H3)) -> 2267.4119 | I24: =IF(I3="","",I23/POWER(1+'Caracs du projet'!$E$93,I3)) -> 2271.2283 | J24: =IF(J3="","",J23/POWER(1+'Caracs du projet'!$E$93,J3)) -> 2275.0512 | ... ET24: =IF(ET3="","",ET23/POWER(1+'Caracs du projet'!$E$93,ET3))
A27: Paiement des charges non déductibles en IR : | B27: 0 | C27: =IF(C3="","",'Caracs du projet'!E43) -> 0 | D27: =IF(D3="","",'Caracs du projet'!F43) -> 0 | E27: =IF(E3="","",'Caracs du projet'!G43) -> 0 | F27: =IF(F3="","",'Caracs du projet'!H43) -> 0 | G27: =IF(G3="","",'Caracs du projet'!I43) -> 0 | H27: =IF(H3="","",'Caracs du projet'!J43) -> 0 | I27: =IF(I3="","",'Caracs du projet'!K43) -> 0 | J27: =IF(J3="","",'Caracs du projet'!L43) -> 0 | ... EY27: =IF(EY3="","",'Caracs du projet'!FA43)
A30: Gains actualisés à la VAN : | B30: =IF(B3="","",B31/((1+'Caracs du projet'!$E$90)^(B3))) -> -8000 | C30: =IF(C3="","",C31/((1+'Caracs du projet'!$E$90)^(C3))) -> -330.25724 | D30: =IF(D3="","",D31/((1+'Caracs du projet'!$E$90)^(D3))) -> -311.82463 | E30: =IF(E3="","",E31/((1+'Caracs du projet'!$E$90)^(E3))) -> -293.74614 | F30: =IF(F3="","",F31/((1+'Caracs du projet'!$E$90)^(F3))) -> -276.01606 | G30: =IF(G3="","",G31/((1+'Caracs du projet'!$E$90)^(G3))) -> -258.62879 | H30: =IF(H3="","",H31/((1+'Caracs du projet'!$E$90)^(H3))) -> -241.57881 | I30: =IF(I3="","",I31/((1+'Caracs du projet'!$E$90)^(I3))) -> -224.86067 | ... EV30: =IF(EV3="","",EV31/((1+'Caracs du projet'!$E$90)^(EV3)))
A31: GAINS = CAF retraitée amort emprunt : | B31: =-'Caracs du projet'!E101 -> -8000 | C31: =IF(C3="","",C9+C20-C24-C14-C27) -> -331.90853 | D31: =IF(D3="","",D9+D20-D24-D14-D27) -> -314.95067 | E31: =IF(E3="","",E9+E20-E24-E14-E27) -> -298.1744 | F31: =IF(F3="","",F9+F20-F24-F14-F27) -> -281.57792 | G31: =IF(G3="","",G9+G20-G24-G14-G27) -> -265.1595 | H31: =IF(H3="","",H9+H20-H24-H14-H27) -> -248.91737 | I31: =IF(I3="","",I9+I20-I24-I14-I27) -> -232.84984 | J31: =IF(J3="","",J9+J20-J24-J14-J27) -> -216.95518 | ... EG31: =IF(EG3="","",EG9+EG20-EG24-EG14-EG27) | EH31: =IF(EH3="","",EH9+EH20-EH24-EH14) | EI31: =IF(EI3="","",EI9+EI20-EI24-EI14) | EJ31: =IF(EJ3="","",EJ9+EJ20-EJ24-EJ14) | EK31: =IF(EK3="","",EK9+EK20-EK24-EK14) | EL31: =IF(EL3="","",EL9+EL20-EL24-EL14) | EM31: =IF(EM3="","",EM9+EM20-EM24-EM14) | EN31: =IF(EN3="","",EN9+EN20-EN24-EN14) | EO31: =IF(EO3="","",EO9+EO20-EO24-EO14) | ... EV31: =IF(EV3="","",EV9+EV20-EV24-EV14)
A33: Cumul gains : | B33: =B31 -> -8000 | C33: =IF(C3="","",C31+B33) -> -8331.9085 | D33: =IF(D3="","",D31+C33) -> -8646.8592 | E33: =IF(E3="","",E31+D33) -> -8945.0336 | F33: =IF(F3="","",F31+E33) -> -9226.6115 | G33: =IF(G3="","",G31+F33) -> -9491.771 | H33: =IF(H3="","",H31+G33) -> -9740.6884 | I33: =IF(I3="","",I31+H33) -> -9973.5382 | J33: =IF(J3="","",J31+I33) -> -10190.493 | ... EV33: =IF(EV3="","",EV31+EU33)
A34: Cumul gains actualisés : | B34: =B31 -> -8000 | C34: =IF(C3="","",C30+B34) -> -8330.2572 | D34: =IF(D3="","",D30+C34) -> -8642.0819 | E34: =IF(E3="","",E30+D34) -> -8935.828 | F34: =IF(F3="","",F30+E34) -> -9211.8441 | G34: =IF(G3="","",G30+F34) -> -9470.4729 | H34: =IF(H3="","",H30+G34) -> -9712.0517 | I34: =IF(I3="","",I30+H34) -> -9936.9123 | J34: =IF(J3="","",J30+I34) -> -10145.381 | ... ET34: =IF(ET3="","",ET30+ES34)
M37: INFOS GENERALES :
M39: VAN : | N39: =-'Caracs du projet'!E101+NPV('Caracs du projet'!E90,OFFSET(C31,0,0,1,COUNT(31:31)-1)) -> 43558.46
M41: VAN sans revente : | N41: =-'Caracs du projet'!E101+NPV('Caracs du projet'!E90,OFFSET(C31,0,0,1,COUNT(31:31)-2)) -> -3101.5605
M43: Montant perso à investir : | N43: =-NPV('Caracs du projet'!E88,OFFSET(B31,0,0,1,COUNTIF(31:31,"<=0")))*(1+'Caracs du projet'!E88) -> 11172.035 | O43: (= Apports persos actu à la rémun du temps) | P43: (Je trouve plus prudent et plus réaliste d'actualiser au coût du temps qu'au taux de la VAN)
M45: Délai récup : | N45: =IF(AND(B33>=0,C33>=0),0,MATCH(SMALL(OFFSET(C33,0,0,1,COUNT(33:33)-1),1+COUNTIF(C33:EU33,"<0")),B33:ER33)-1) -> 20 | O45: années
M47: Délai récup actualisé : | N47: =IF(AND(B34>=0,C34>=0),0,MATCH(SMALL(OFFSET(C34,0,0,1,COUNT(34:34)-1),1+COUNTIF(C34:EU34,"<0")),B34:ER34)-1) -> 20 | O47: années
M51: INFOS SUR LA DERNIERE ANNEE :
M53: Gain net : | N53: =HLOOKUP('Caracs du projet'!E21,'Tableau Foncier'!A3:EV35,28) -> 46660.02
A61: Remarque sur le calcul de la VAN :
A63: Normalement quand on calcule la VAN, on compare d'un côté le montant de l'investissement quel que soit sa source de financement, et de l'autre les gains nets sans prendre en compte les décaissements liés au financement.
A64: Mais dans notre cas on a pris en compte dans les gains nets les décaissements liés aux remboursements de l'emprunt. Il ne faudra donc pas prendre en compte l'investissement initial financé par l'emprunt pour le calcul de la VAN.
A66: De plus, en utilisant le même raisonnement, il ne faut également pas prendre en compte le financement initial destiné à financer la future CAF négative, vu qu'ils correspondent au financement de décaissements déjà pris en compte dans les gains nets (et d'autant plus qu'on a utilisé le taux de rémunération du temps pour déterminer le montant initial à investir et non celui de la VAN).

Sheet Tableau LMNP
A3: Années : | B3: =0 -> 0 | C3: =1 -> 1 | D3: =IF(OR(C3='Caracs du projet'!$E$21,C3=""),"",C3+1) -> 2 | E3: =IF(OR(D3='Caracs du projet'!$E$21,D3=""),"",D3+1) -> 3 | F3: =IF(OR(E3='Caracs du projet'!$E$21,E3=""),"",E3+1) -> 4 | G3: =IF(OR(F3='Caracs du projet'!$E$21,F3=""),"",F3+1) -> 5 | H3: =IF(OR(G3='Caracs du projet'!$E$21,G3=""),"",G3+1) -> 6 | I3: =IF(OR(H3='Caracs du projet'!$E$21,H3=""),"",H3+1) -> 7 | J3: =IF(OR(I3='Caracs du projet'!$E$21,I3=""),"",I3+1) -> 8 | K3: =IF(OR(J3='Caracs du projet'!$E$21,J3=""),"",J3+1) -> 9 | ... CV3: =IF(OR(CU3='Caracs du projet'!$E$21,CU3=""),"",CU3+1)
A5: CA | B5: 0 | C5: =IF(C3="","",'Caracs du projet'!$E$30) -> 4600 | D5: =IF(D3="","",'Caracs du projet'!$E$30) -> 4600 | E5: =IF(E3="","",'Caracs du projet'!$E$30) -> 4600 | F5: =IF(F3="","",'Caracs du projet'!$E$30) -> 4600 | G5: =IF(G3="","",'Caracs du projet'!$E$30) -> 4600 | H5: =IF(H3="","",'Caracs du projet'!$E$30) -> 4600 | I5: =IF(I3="","",'Caracs du projet'!$E$30) -> 4600 | J5: =IF(J3="","",'Caracs du projet'!$E$30) -> 4600 | ... CV5: =IF(CV3="","",'Caracs du projet'!$E$30)
A6: - Autres charges | B6: 0 | C6: =IF(C3="","",'Caracs du projet'!$E$50) -> 1400 | D6: =IF(D3="","",'Caracs du projet'!$E$50) -> 1400 | E6: =IF(E3="","",'Caracs du projet'!$E$50) -> 1400 | F6: =IF(F3="","",'Caracs du projet'!$E$50) -> 1400 | G6: =IF(G3="","",'Caracs du projet'!$E$50) -> 1400 | H6: =IF(H3="","",'Caracs du projet'!$E$50) -> 1400 | I6: =IF(I3="","",'Caracs du projet'!$E$50) -> 1400 | J6: =IF(J3="","",'Caracs du projet'!$E$50) -> 1400 | ... ES6: =IF(ES3="","",'Caracs du projet'!$E$50)
A7: - Charges d'intérêts | B7: 0 | C7: =IF(C3="","",IF(OFFSET('Tableau d''emprunt'!$I$4,0,12*(C3-1))="",0,SUM(OFFSET(OFFSET('Tableau d''emprunt'!$I$4,0,12*(C3-1)),0,0,1,12)))) -> 418.50828 | D7: =IF(D3="","",IF(OFFSET('Tableau d''emprunt'!$I$4,0,12*(D3-1))="",0,SUM(OFFSET(OFFSET('Tableau d''emprunt'!$I$4,0,12*(D3-1)),0,0,1,12)))) -> 391.93864 | E7: =IF(E3="","",IF(OFFSET('Tableau d''emprunt'!$I$4,0,12*(E3-1))="",0,SUM(OFFSET(OFFSET('Tableau d''emprunt'!$I$4,0,12*(E3-1)),0,0,1,12)))) -> 365.05813 | F7: =IF(F3="","",IF(OFFSET('Tableau d''emprunt'!$I$4,0,12*(F3-1))="",0,SUM(OFFSET(OFFSET('Tableau d''emprunt'!$I$4,0,12*(F3-1)),0,0,1,12)))) -> 337.86311 | G7: =IF(G3="","",IF(OFFSET('Tableau d''emprunt'!$I$4,0,12*(G3-1))="",0,SUM(OFFSET(OFFSET('Tableau d''emprunt'!$I$4,0,12*(G3-1)),0,0,1,12)))) -> 310.34992 | H7: =IF(H3="","",IF(OFFSET('Tableau d''emprunt'!$I$4,0,12*(H3-1))="",0,SUM(OFFSET(OFFSET('Tableau d''emprunt'!$I$4,0,12*(H3-1)),0,0,1,12)))) -> 282.51482 | I7: =IF(I3="","",IF(OFFSET('Tableau d''emprunt'!$I$4,0,12*(I3-1))="",0,SUM(OFFSET(OFFSET('Tableau d''emprunt'!$I$4,0,12*(I3-1)),0,0,1,12)))) -> 254.35405 | J7: =IF(J3="","",IF(OFFSET('Tableau d''emprunt'!$I$4,0,12*(J3-1))="",0,SUM(OFFSET(OFFSET('Tableau d''emprunt'!$I$4,0,12*(J3-1)),0,0,1,12)))) -> 225.8638 | ... ER7: =IF(ER3="","",IF(OFFSET('Tableau d''emprunt'!$I$4,0,12*(ER3-1))="",0,SUM(OFFSET(OFFSET('Tableau d''emprunt'!$I$4,0,12*(ER3-1)),0,0,1,12))))
A8: - Charges d'intérêts retraitées de l'inflation | B8: =IF(B3="","",B7/POWER(1+'Caracs du projet'!$E$93,B3-1)) -> 0 | C8: =IF(C3="","",C7/POWER(1+'Caracs du projet'!$E$93,C3)) -> 414.36464 | D8: =IF(D3="","",D7/POWER(1+'Caracs du projet'!$E$93,D3)) -> 384.2159 | E8: =IF(E3="","",E7/POWER(1+'Caracs du projet'!$E$93,E3)) -> 354.32182 | F8: =IF(F3="","",F7/POWER(1+'Caracs du projet'!$E$93,F3)) -> 324.67981 | G8: =IF(G3="","",G7/POWER(1+'Caracs du projet'!$E$93,G3)) -> 295.2873 | H8: =IF(H3="","",H7/POWER(1+'Caracs du projet'!$E$93,H3)) -> 266.14174 | I8: =IF(I3="","",I7/POWER(1+'Caracs du projet'!$E$93,I3)) -> 237.24062 | J8: =IF(J3="","",J7/POWER(1+'Caracs du projet'!$E$93,J3)) -> 208.58143 | ... ER8: =IF(ER3="","",ER7/POWER(1+'Caracs du projet'!$E$93,ER3))
A9: - Amortissements | B9: 0 | C9: =IF(C3="","",IF(C3>'Caracs du projet'!$C$46,0,'Caracs du projet'!$E$46)) -> 2250 | D9: =IF(D3="","",IF(D3>'Caracs du projet'!$C$46,0,'Caracs du projet'!$E$46)) -> 2250 | E9: =IF(E3="","",IF(E3>'Caracs du projet'!$C$46,0,'Caracs du projet'!$E$46)) -> 2250 | F9: =IF(F3="","",IF(F3>'Caracs du projet'!$C$46,0,'Caracs du projet'!$E$46)) -> 2250 | G9: =IF(G3="","",IF(G3>'Caracs du projet'!$C$46,0,'Caracs du projet'!$E$46)) -> 2250 | H9: =IF(H3="","",IF(H3>'Caracs du projet'!$C$46,0,'Caracs du projet'!$E$46)) -> 2250 | I9: =IF(I3="","",IF(I3>'Caracs du projet'!$C$46,0,'Caracs du projet'!$E$46)) -> 2250 | J9: =IF(J3="","",IF(J3>'Caracs du projet'!$C$46,0,'Caracs du projet'!$E$46)) -> 2250 | ... CX9: =IF(CX3="","",IF(CX3>'Caracs du projet'!$C$46,0,'Caracs du projet'!$E$46))
A10: - Amortissements retraités de l'inflation | B10: =0 -> 0 | C10: =IF(C3="","",C9/POWER(1+'Caracs du projet'!$E$93,C3)) -> 2227.7228 | D10: =IF(D3="","",D9/POWER(1+'Caracs du projet'!$E$93,D3)) -> 2205.6661 | E10: =IF(E3="","",E9/POWER(1+'Caracs du projet'!$E$93,E3)) -> 2183.8278 | F10: =IF(F3="","",F9/POWER(1+'Caracs du projet'!$E$93,F3)) -> 2162.2058 | G10: =IF(G3="","",G9/POWER(1+'Caracs du projet'!$E$93,G3)) -> 2140.7978 | H10: =IF(H3="","",H9/POWER(1+'Caracs du projet'!$E$93,H3)) -> 2119.6018 | I10: =IF(I3="","",I9/POWER(1+'Caracs du projet'!$E$93,I3)) -> 2098.6156 | J10: =IF(J3="","",J9/POWER(1+'Caracs du projet'!$E$93,J3)) -> 2077.8373 | ... EQ10: =IF(EQ3="","",EQ9/POWER(1+'Caracs du projet'!$E$93,EQ3))
A11: = Résultat | B11: 0 | C11: =IF(C3="","",C5-C6-C8-C10) -> 557.91259 | D11: =IF(D3="","",D5-D6-D8-D10) -> 610.11799 | E11: =IF(E3="","",E5-E6-E8-E10) -> 661.85034 | F11: =IF(F3="","",F5-F6-F8-F10) -> 713.11441 | G11: =IF(G3="","",G5-G6-G8-G10) -> 763.9149 | H11: =IF(H3="","",H5-H6-H8-H10) -> 814.25648 | I11: =IF(I3="","",I5-I6-I8-I10) -> 864.14376 | J11: =IF(J3="","",J5-J6-J8-J10) -> 913.58132 | ... DD11: =IF(DD3="","",DD5-DD6-DD8-DD10) | DE11: =IF(DE3="","",DE5-DE6-DE8-DE10-#REF!+#REF!) | DF11: =IF(DF3="","",DF5-DF6-DF8-DF10-#REF!+#REF!) | DG11: =IF(DG3="","",DG5-DG6-DG8-DG10-#REF!+#REF!) | DH11: =IF(DH3="","",DH5-DH6-DH8-DH10-#REF!+#REF!) | DI11: =IF(DI3="","",DI5-DI6-DI8-DI10-#REF!+#REF!) | DJ11: =IF(DJ3="","",DJ5-DJ6-DJ8-DJ10-#REF!+#REF!) | DK11: =IF(DK3="","",DK5-DK6-DK8-DK10-#REF!+#REF!) | DL11: =IF(DL3="","",DL5-DL6-DL8-DL10-#REF!+#REF!) | ... ER11: =IF(ER3="","",ER5-ER6-ER8-ER10-#REF!+#REF!)
A14: - Prélèvements sociaux | B14: 0 | C14: =IF(C3="","",C11*'Caracs du projet'!$E$12) -> 95.960965 | D14: =IF(D3="","",D11*'Caracs du projet'!$E$12) -> 104.94029 | E14: =IF(E3="","",E11*'Caracs du projet'!$E$12) -> 113.83826 | F14: =IF(F3="","",F11*'Caracs du projet'!$E$12) -> 122.65568 | G14: =IF(G3="","",G11*'Caracs du projet'!$E$12) -> 131.39336 | H14: =IF(H3="","",H11*'Caracs du projet'!$E$12) -> 140.05211 | I14: =IF(I3="","",I11*'Caracs du projet'!$E$12) -> 148.63273 | J14: =IF(J3="","",J11*'Caracs du projet'!$E$12) -> 157.13599 | ... EF14: =IF(EF3="","",EF11*'Caracs du projet'!$E$12) | EG14: =IF(EG3="","",EG12*'Caracs du projet'!$E$12) | EH14: =IF(EH3="","",EH12*'Caracs du projet'!$E$12) | EI14: =IF(EI3="","",EI12*'Caracs du projet'!$E$12)
A15: - IR | B15: 0 | C15: =IF(C3="","",C11*'Caracs du projet'!$E$60) -> 78.107763 | D15: =IF(D3="","",D11*'Caracs du projet'!$E$60) -> 85.416519 | E15: =IF(E3="","",E11*'Caracs du projet'!$E$60) -> 92.659048 | F15: =IF(F3="","",F11*'Caracs du projet'!$E$60) -> 99.836018 | G15: =IF(G3="","",G11*'Caracs du projet'!$E$60) -> 106.94809 | H15: =IF(H3="","",H11*'Caracs du projet'!$E$60) -> 113.99591 | I15: =IF(I3="","",I11*'Caracs du projet'!$E$60) -> 120.98013 | J15: =IF(J3="","",J11*'Caracs du projet'!$E$60) -> 127.90138 | ... EF15: =IF(EF3="","",EF11*'Caracs du projet'!$E$60) | EG15: =IF(EG3="","",EG12*(1-'Caracs du projet'!$E$10)*'Caracs du projet'!$E$60) | EH15: =IF(EH3="","",EH12*(1-'Caracs du projet'!$E$10)*'Caracs du projet'!$E$60) | EI15: =IF(EI3="","",EI12*(1-'Caracs du projet'!$E$10)*'Caracs du projet'!$E$60) | EJ15: =IF(EJ3="","",EJ12*(1-'Caracs du projet'!$E$10)*'Caracs du projet'!$E$60)
A16: = Imposition du Résultat | B16: 0 | C16: =IF(C3="","",C14+C15) -> 174.06873 | D16: =IF(D3="","",D14+D15) -> 190.35681 | E16: =IF(E3="","",E14+E15) -> 206.49731 | F16: =IF(F3="","",F14+F15) -> 222.4917 | G16: =IF(G3="","",G14+G15) -> 238.34145 | H16: =IF(H3="","",H14+H15) -> 254.04802 | I16: =IF(I3="","",I14+I15) -> 269.61285 | J16: =IF(J3="","",J14+J15) -> 285.03737 | ... EH16: =IF(EH3="","",EH14+EH15) | EI16: =IF(EI3="","",EI12-EI14-EI15) | EJ16: =IF(EJ3="","",EJ12-EJ14-EJ15) | EK16: =IF(EK3="","",EK12-EK14-EK15) | EL16: =IF(EL3="","",EL12-EL14-EL15)
A19: Si cession : Prix de vente : | B19: =IF(B3="","",IF(B3='Caracs du projet'!$E$21,'Caracs du projet'!$E$22,0)) -> 0 | C19: =IF(C3="","",IF(C3='Caracs du projet'!$E$21,'Caracs du projet'!$E$22,0)) -> 0 | D19: =IF(D3="","",IF(D3='Caracs du projet'!$E$21,'Caracs du projet'!$E$22,0)) -> 0 | E19: =IF(E3="","",IF(E3='Caracs du projet'!$E$21,'Caracs du projet'!$E$22,0)) -> 0 | F19: =IF(F3="","",IF(F3='Caracs du projet'!$E$21,'Caracs du projet'!$E$22,0)) -> 0 | G19: =IF(G3="","",IF(G3='Caracs du projet'!$E$21,'Caracs du projet'!$E$22,0)) -> 0 | H19: =IF(H3="","",IF(H3='Caracs du projet'!$E$21,'Caracs du projet'!$E$22,0)) -> 0 | I19: =IF(I3="","",IF(I3='Caracs du projet'!$E$21,'Caracs du projet'!$E$22,0)) -> 0 | ... CT19: =IF(CT3="","",IF(CT3='Caracs du projet'!$E$21,'Caracs du projet'!$E$22,0))
A20: VNC : | B20: 0 | C20: =IF(C3="","",IF(C3<'Caracs du projet'!$E$21,0,IF(C3<'Caracs du projet'!$C$46,'Caracs du projet'!$E$46*C3,'Caracs du projet'!$E$46*'Caracs du projet'!$C$46))) -> 0 | D20: =IF(D3="","",IF(D3<'Caracs du projet'!$E$21,0,IF(D3<'Caracs du projet'!$C$46,'Caracs du projet'!$E$46*D3,'Caracs du projet'!$E$46*'Caracs du projet'!$C$46))) -> 0 | E20: =IF(E3="","",IF(E3<'Caracs du projet'!$E$21,0,IF(E3<'Caracs du projet'!$C$46,'Caracs du projet'!$E$46*E3,'Caracs du projet'!$E$46*'Caracs du projet'!$C$46))) -> 0 | F20: =IF(F3="","",IF(F3<'Caracs du projet'!$E$21,0,IF(F3<'Caracs du projet'!$C$46,'Caracs du projet'!$E$46*F3,'Caracs du projet'!$E$46*'Caracs du projet'!$C$46))) -> 0 | G20: =IF(G3="","",IF(G3<'Caracs du projet'!$E$21,0,IF(G3<'Caracs du projet'!$C$46,'Caracs du projet'!$E$46*G3,'Caracs du projet'!$E$46*'Caracs du projet'!$C$46))) -> 0 | H20: =IF(H3="","",IF(H3<'Caracs du projet'!$E$21,0,IF(H3<'Caracs du projet'!$C$46,'Caracs du projet'!$E$46*H3,'Caracs du projet'!$E$46*'Caracs du projet'!$C$46))) -> 0 | I20: =IF(I3="","",IF(I3<'Caracs du projet'!$E$21,0,IF(I3<'Caracs du projet'!$C$46,'Caracs du projet'!$E$46*I3,'Caracs du projet'!$E$46*'Caracs du projet'!$C$46))) -> 0 | J20: =IF(J3="","",IF(J3<'Caracs du projet'!$E$21,0,IF(J3<'Caracs du projet'!$C$46,'Caracs du projet'!$E$46*J3,'Caracs du projet'!$E$46*'Caracs du projet'!$C$46))) -> 0 | ... DH20: =IF(DH3="","",IF(DH3<'Caracs du projet'!$E$21,0,IF(DH3<'Caracs du projet'!$C$46,'Caracs du projet'!$E$46*DH3,'Caracs du projet'!$E$46*'Caracs du projet'!$C$46)))
A21: Imposition plus-value : | B21: =IF(B3="","",IF(B3<'Caracs du projet'!$E$21,0,IF('Caracs du projet'!$E$22-'Caracs du projet'!$E$20*1.225>0,('Caracs du projet'!$E$22-'Caracs du projet'!$E$20*1.225)*'Caracs du projet'!$E$61,0))) -> 0 | C21: =IF(C3="","",IF(C3<'Caracs du projet'!$E$21,0,IF('Caracs du projet'!$E$22-('Caracs du projet'!$E$20*1.225-C20)>0,('Caracs du projet'!$E$22-('Caracs du projet'!$E$20*1.225-C20))*'Caracs du projet'!$E$61,0))) -> 0 | D21: =IF(D3="","",IF(D3<'Caracs du projet'!$E$21,0,IF('Caracs du projet'!$E$22-('Caracs du projet'!$E$20*1.225-D20)>0,('Caracs du projet'!$E$22-('Caracs du projet'!$E$20*1.225-D20))*'Caracs du projet'!$E$61,0))) -> 0 | E21: =IF(E3="","",IF(E3<'Caracs du projet'!$E$21,0,IF('Caracs du projet'!$E$22-('Caracs du projet'!$E$20*1.225-E20)>0,('Caracs du projet'!$E$22-('Caracs du projet'!$E$20*1.225-E20))*'Caracs du projet'!$E$61,0))) -> 0 | F21: =IF(F3="","",IF(F3<'Caracs du projet'!$E$21,0,IF('Caracs du projet'!$E$22-('Caracs du projet'!$E$20*1.225-F20)>0,('Caracs du projet'!$E$22-('Caracs du projet'!$E$20*1.225-F20))*'Caracs du projet'!$E$61,0))) -> 0 | G21: =IF(G3="","",IF(G3<'Caracs du projet'!$E$21,0,IF('Caracs du projet'!$E$22-('Caracs du projet'!$E$20*1.225-G20)>0,('Caracs du projet'!$E$22-('Caracs du projet'!$E$20*1.225-G20))*'Caracs du projet'!$E$61,0))) -> 0 | H21: =IF(H3="","",IF(H3<'Caracs du projet'!$E$21,0,IF('Caracs du projet'!$E$22-('Caracs du projet'!$E$20*1.225-H20)>0,('Caracs du projet'!$E$22-('Caracs du projet'!$E$20*1.225-H20))*'Caracs du projet'!$E$61,0))) -> 0 | I21: =IF(I3="","",IF(I3<'Caracs du projet'!$E$21,0,IF('Caracs du projet'!$E$22-('Caracs du projet'!$E$20*1.225-I20)>0,('Caracs du projet'!$E$22-('Caracs du projet'!$E$20*1.225-I20))*'Caracs du projet'!$E$61,0))) -> 0 | J21: =IF(J3="","",IF(J3<'Caracs du projet'!$E$21,0,IF('Caracs du projet'!$E$22-('Caracs du projet'!$E$20*1.225-J20)>0,('Caracs du projet'!$E$22-('Caracs du projet'!$E$20*1.225-J20))*'Caracs du projet'!$E$61,0))) -> 0 | ... DG21: =IF(DG3="","",IF(DG3<'Caracs du projet'!$E$21,0,IF('Caracs du projet'!$E$22-('Caracs du projet'!$E$20*1.225-DG20)>0,('Caracs du projet'!$E$22-('Caracs du projet'!$E$20*1.225-DG20))*'Caracs du projet'!$E$61,0)))
A22: Imposition prélèvements sociaux : | B22: =IF(B3="","",IF(B3<'Caracs du projet'!$E$21,0,IF('Caracs du projet'!$E$22-'Caracs du projet'!$E$20>0,('Caracs du projet'!$E$22-'Caracs du projet'!$E$20)*'Caracs du projet'!$E$62,0))) -> 0 | C22: =IF(C3="","",IF(C3<'Caracs du projet'!$E$21,0,IF('Caracs du projet'!$E$22-('Caracs du projet'!$E$20-C20)>0,('Caracs du projet'!$E$22-('Caracs du projet'!$E$20-C20))*'Caracs du projet'!$E$62,0))) -> 0 | D22: =IF(D3="","",IF(D3<'Caracs du projet'!$E$21,0,IF('Caracs du projet'!$E$22-('Caracs du projet'!$E$20-D20)>0,('Caracs du projet'!$E$22-('Caracs du projet'!$E$20-D20))*'Caracs du projet'!$E$62,0))) -> 0 | E22: =IF(E3="","",IF(E3<'Caracs du projet'!$E$21,0,IF('Caracs du projet'!$E$22-('Caracs du projet'!$E$20-E20)>0,('Caracs du projet'!$E$22-('Caracs du projet'!$E$20-E20))*'Caracs du projet'!$E$62,0))) -> 0 | F22: =IF(F3="","",IF(F3<'Caracs du projet'!$E$21,0,IF('Caracs du projet'!$E$22-('Caracs du projet'!$E$20-F20)>0,('Caracs du projet'!$E$22-('Caracs du projet'!$E$20-F20))*'Caracs du projet'!$E$62,0))) -> 0 | G22: =IF(G3="","",IF(G3<'Caracs du projet'!$E$21,0,IF('Caracs du projet'!$E$22-('Caracs du projet'!$E$20-G20)>0,('Caracs du projet'!$E$22-('Caracs du projet'!$E$20-G20))*'Caracs du projet'!$E$62,0))) -> 0 | H22: =IF(H3="","",IF(H3<'Caracs du projet'!$E$21,0,IF('Caracs du projet'!$E$22-('Caracs du projet'!$E$20-H20)>0,('Caracs du projet'!$E$22-('Caracs du projet'!$E$20-H20))*'Caracs du projet'!$E$62,0))) -> 0 | I22: =IF(I3="","",IF(I3<'Caracs du projet'!$E$21,0,IF('Caracs du projet'!$E$22-('Caracs du projet'!$E$20-I20)>0,('Caracs du projet'!$E$22-('Caracs du projet'!$E$20-I20))*'Caracs du projet'!$E$62,0))) -> 0 | J22: =IF(J3="","",IF(J3<'Caracs du projet'!$E$21,0,IF('Caracs du projet'!$E$22-('Caracs du projet'!$E$20-J20)>0,('Caracs du projet'!$E$22-('Caracs du projet'!$E$20-J20))*'Caracs du projet'!$E$62,0))) -> 0 | ... DH22: =IF(DH3="","",IF(DH3<'Caracs du projet'!$E$21,0,IF('Caracs du projet'!$E$22-('Caracs du projet'!$E$20-DH20)>0,('Caracs du projet'!$E$22-('Caracs du projet'!$E$20-DH20))*'Caracs du projet'!$E$62,0)))
A23: Gains nets issus de la cession : | B23: =IF(B3="","",B19-B21-B22) -> 0 | C23: =IF(C3="","",C19-C21-C22) -> 0 | D23: =IF(D3="","",D19-D21-D22) -> 0 | E23: =IF(E3="","",E19-E21-E22) -> 0 | F23: =IF(F3="","",F19-F21-F22) -> 0 | G23: =IF(G3="","",G19-G21-G22) -> 0 | H23: =IF(H3="","",H19-H21-H22) -> 0 | I23: =IF(I3="","",I19-I21-I22) -> 0 | ... CT23: =IF(CT3="","",CT19-CT21-CT22)
A26: Amortissement du prêt : | B26: 0 | C26: =IF(C3="","",IF(OFFSET('Tableau d''emprunt'!$I$5,0,12*(C3-1))="",0,SUM(OFFSET(OFFSET('Tableau d''emprunt'!$I$5,0,12*(C3-1)),0,0,1,12)))) -> 2270.9099 | D26: =IF(D3="","",IF(OFFSET('Tableau d''emprunt'!$I$5,0,12*(D3-1))="",0,SUM(OFFSET(OFFSET('Tableau d''emprunt'!$I$5,0,12*(D3-1)),0,0,1,12)))) -> 2297.4796 | E26: =IF(E3="","",IF(OFFSET('Tableau d''emprunt'!$I$5,0,12*(E3-1))="",0,SUM(OFFSET(OFFSET('Tableau d''emprunt'!$I$5,0,12*(E3-1)),0,0,1,12)))) -> 2324.3601 | F26: =IF(F3="","",IF(OFFSET('Tableau d''emprunt'!$I$5,0,12*(F3-1))="",0,SUM(OFFSET(OFFSET('Tableau d''emprunt'!$I$5,0,12*(F3-1)),0,0,1,12)))) -> 2351.5551 | G26: =IF(G3="","",IF(OFFSET('Tableau d''emprunt'!$I$5,0,12*(G3-1))="",0,SUM(OFFSET(OFFSET('Tableau d''emprunt'!$I$5,0,12*(G3-1)),0,0,1,12)))) -> 2379.0683 | H26: =IF(H3="","",IF(OFFSET('Tableau d''emprunt'!$I$5,0,12*(H3-1))="",0,SUM(OFFSET(OFFSET('Tableau d''emprunt'!$I$5,0,12*(H3-1)),0,0,1,12)))) -> 2406.9034 | I26: =IF(I3="","",IF(OFFSET('Tableau d''emprunt'!$I$5,0,12*(I3-1))="",0,SUM(OFFSET(OFFSET('Tableau d''emprunt'!$I$5,0,12*(I3-1)),0,0,1,12)))) -> 2435.0641 | J26: =IF(J3="","",IF(OFFSET('Tableau d''emprunt'!$I$5,0,12*(J3-1))="",0,SUM(OFFSET(OFFSET('Tableau d''emprunt'!$I$5,0,12*(J3-1)),0,0,1,12)))) -> 2463.5544 | ... DS26: =IF(DS3="","",IF(OFFSET('Tableau d''emprunt'!$I$5,0,12*(DS3-1))="",0,SUM(OFFSET(OFFSET('Tableau d''emprunt'!$I$5,0,12*(DS3-1)),0,0,1,12)))) | DT26: =IF(DT3="","",IF(OFFSET('Tableau d''emprunt'!$I$5,0,12*(DT3-1))="","",SUM(OFFSET(OFFSET('Tableau d''emprunt'!$I$5,0,12*(DT3-1)),0,0,1,12)))) | DU26: =IF(DU3="","",IF(OFFSET('Tableau d''emprunt'!$I$5,0,12*(DU3-1))="","",SUM(OFFSET(OFFSET('Tableau d''emprunt'!$I$5,0,12*(DU3-1)),0,0,1,12)))) | DV26: =IF(DV3="","",IF(OFFSET('Tableau d''emprunt'!$I$5,0,12*(DV3-1))="","",SUM(OFFSET(OFFSET('Tableau d''emprunt'!$I$5,0,12*(DV3-1)),0,0,1,12)))) | DW26: =IF(DW3="","",IF(OFFSET('Tableau d''emprunt'!$I$5,0,12*(DW3-1))="","",SUM(OFFSET(OFFSET('Tableau d''emprunt'!$I$5,0,12*(DW3-1)),0,0,1,12)))) | DX26: =IF(DX3="","",IF(OFFSET('Tableau d''emprunt'!$I$5,0,12*(DX3-1))="","",SUM(OFFSET(OFFSET('Tableau d''emprunt'!$I$5,0,12*(DX3-1)),0,0,1,12)))) | DY26: =IF(DY3="","",IF(OFFSET('Tableau d''emprunt'!$I$5,0,12*(DY3-1))="","",SUM(OFFSET(OFFSET('Tableau d''emprunt'!$I$5,0,12*(DY3-1)),0,0,1,12)))) | DZ26: =IF(DZ3="","",IF(OFFSET('Tableau d''emprunt'!$I$5,0,12*(DZ3-1))="","",SUM(OFFSET(OFFSET('Tableau d''emprunt'!$I$5,0,12*(DZ3-1)),0,0,1,12)))) | EA26: =IF(EA3="","",IF(OFFSET('Tableau d''emprunt'!$I$5,0,12*(EA3-1))="","",SUM(OFFSET(OFFSET('Tableau d''emprunt'!$I$5,0,12*(EA3-1)),0,0,1,12)))) | ... EL26: =IF(EL3="","",IF(OFFSET('Tableau d''emprunt'!$I$5,0,12*(EL3-1))="","",SUM(OFFSET(OFFSET('Tableau d''emprunt'!$I$5,0,12*(EL3-1)),0,0,1,12))))
A27: Amortissement du prêt retraité de l'inflation : | B27: 0 | C27: =IF(C3="","",C26/POWER(1+'Caracs du projet'!$E$93,C3)) -> 2248.4257 | D27: =IF(D3="","",D26/POWER(1+'Caracs du projet'!$E$93,D3)) -> 2252.2101 | E27: =IF(E3="","",E26/POWER(1+'Caracs du projet'!$E$93,E3)) -> 2256.001 | F27: =IF(F3="","",F26/POWER(1+'Caracs du projet'!$E$93,F3)) -> 2259.7982 | G27: =IF(G3="","",G26/POWER(1+'Caracs du projet'!$E$93,G3)) -> 2263.6018 | H27: =IF(H3="","",H26/POWER(1+'Caracs du projet'!$E$93,H3)) -> 2267.4119 | I27: =IF(I3="","",I26/POWER(1+'Caracs du projet'!$E$93,I3)) -> 2271.2283 | J27: =IF(J3="","",J26/POWER(1+'Caracs du projet'!$E$93,J3)) -> 2275.0512 | ... ET27: =IF(ET3="","",ET26/POWER(1+'Caracs du projet'!$E$93,ET3))
A30: Gains nets actualisés à la VAN : | B30: =IF(B3="","",B31/((1+'Caracs du projet'!$E$90)^(B3))) -> -8000 | C30: =IF(C3="","",C31/((1+'Caracs du projet'!$E$90)^(C3))) -> 361.33431 | D30: =IF(D3="","",D31/((1+'Caracs du projet'!$E$90)^(D3))) -> 369.51279 | E30: =IF(E3="","",E31/((1+'Caracs du projet'!$E$90)^(E3))) -> 377.48919 | F30: =IF(F3="","",F31/((1+'Caracs du projet'!$E$90)^(F3))) -> 385.26696 | G30: =IF(G3="","",G31/((1+'Caracs du projet'!$E$90)^(G3))) -> 392.84948 | H30: =IF(H3="","",H31/((1+'Caracs du projet'!$E$90)^(H3))) -> 400.24008 | I30: =IF(I3="","",I31/((1+'Caracs du projet'!$E$90)^(I3))) -> 407.44207 | ... EU30: =IF(EU3="","",EU31/((1+'Caracs du projet'!$E$90)^(EU3)))
A31: Gains nets : | B31: =-'Caracs du projet'!E101 -> -8000 | C31: =IF(C3="","",C11+C10+C23-C16-C27) -> 363.14098 | D31: =IF(D3="","",D11+D10+D23-D16-D27) -> 373.21715 | E31: =IF(E3="","",E11+E10+E23-E16-E27) -> 383.17989 | F31: =IF(F3="","",F11+F10+F23-F16-F27) -> 393.03028 | G31: =IF(G3="","",G11+G10+G23-G16-G27) -> 402.76942 | H31: =IF(H3="","",H11+H10+H23-H16-H27) -> 412.39838 | I31: =IF(I3="","",I11+I10+I23-I16-I27) -> 421.91824 | J31: =IF(J3="","",J11+J10+J23-J16-J27) -> 431.33005 | ... EB31: =IF(EB3="","",EB11+EB10+EB23-EB16-EB27) | EC31: =IF(EC3="","",#REF!+EC28-#REF!) | ED31: =IF(ED3="","",#REF!+ED28-#REF!) | EE31: =IF(EE3="","",#REF!+EE28-#REF!) | EF31: =IF(EF3="","",#REF!+EF28-#REF!) | EG31: =IF(EG3="","",#REF!+EG28-#REF!) | EH31: =IF(EH3="","",#REF!+EH28-#REF!) | EI31: =IF(EI3="","",#REF!+EI28-#REF!) | EJ31: =IF(EJ3="","",#REF!+EJ28-#REF!) | ... ES31: =IF(ES3="","",#REF!+ES28-#REF!) | ET31: =IF(ET3="","",#REF!+ET28) | EU31: =IF(EU3="","",#REF!+EU28)
A34: Cumul gain : | B34: =IF(B3="","",B31) -> -8000 | C34: =IF(C3="","",B34+C31) -> -7636.859 | D34: =IF(D3="","",C34+D31) -> -7263.6419 | E34: =IF(E3="","",D34+E31) -> -6880.462 | F34: =IF(F3="","",E34+F31) -> -6487.4317 | G34: =IF(G3="","",F34+G31) -> -6084.6623 | H34: =IF(H3="","",G34+H31) -> -5672.2639 | I34: =IF(I3="","",H34+I31) -> -5250.3457 | J34: =IF(J3="","",I34+J31) -> -4819.0156 | ... EV34: =IF(EV3="","",EU34+EV31)
A35: Cumul gains actualisés : | B35: =IF(B3="","",B30) -> -8000 | C35: =IF(C3="","",B35+C30) -> -7638.6657 | D35: =IF(D3="","",C35+D30) -> -7269.1529 | E35: =IF(E3="","",D35+E30) -> -6891.6637 | F35: =IF(F3="","",E35+F30) -> -6506.3968 | G35: =IF(G3="","",F35+G30) -> -6113.5473 | H35: =IF(H3="","",G35+H30) -> -5713.3072 | I35: =IF(I3="","",H35+I30) -> -5305.8651 | J35: =IF(J3="","",I35+J30) -> -4891.4065 | ... ET35: =IF(ET3="","",ES35+ET30)
M38: INFOS GENERALES :
M40: VAN : | N40: =B31+NPV('Caracs du projet'!E90,OFFSET(C31,0,0,1,COUNT(31:31)-1)) -> 49647.804
M42: VAN sans revente : | N42: =B31+NPV('Caracs du projet'!E90,OFFSET(C31,0,0,1,COUNT(31:31)-2)) -> 8424.1845
M44: Montant perso à investir : | N44: =-NPV('Caracs du projet'!E88,OFFSET(B31,0,0,1,COUNTIF(31:31,"<=0")))*(1+'Caracs du projet'!E88) -> 8000
M46: Délai récup : | N46: =IF(AND(B34>=0,C34>=0),0,MATCH(SMALL(OFFSET(C34,0,0,1,COUNT(34:34)-1),1+COUNTIF(C34:EU34,"<0")),B34:ER34)-1) -> 16 | O46: années
M49: INFOS SUR LA DERNIERE ANNEE :
M51: Gain net : | N51: =HLOOKUP('Caracs du projet'!E21,'Tableau LMNP'!A3:EV37,28) -> 41223.62

Sheet Tableau LMP
A3: Années : | B3: =0 -> 0 | C3: =1 -> 1 | D3: =IF(OR(C3='Caracs du projet'!$E$21,C3=""),"",C3+1) -> 2 | E3: =IF(OR(D3='Caracs du projet'!$E$21,D3=""),"",D3+1) -> 3 | F3: =IF(OR(E3='Caracs du projet'!$E$21,E3=""),"",E3+1) -> 4 | G3: =IF(OR(F3='Caracs du projet'!$E$21,F3=""),"",F3+1) -> 5 | H3: =IF(OR(G3='Caracs du projet'!$E$21,G3=""),"",G3+1) -> 6 | I3: =IF(OR(H3='Caracs du projet'!$E$21,H3=""),"",H3+1) -> 7 | J3: =IF(OR(I3='Caracs du projet'!$E$21,I3=""),"",I3+1) -> 8 | K3: =IF(OR(J3='Caracs du projet'!$E$21,J3=""),"",J3+1) -> 9 | ... CV3: =IF(OR(CU3='Caracs du projet'!$E$21,CU3=""),"",CU3+1)
A5: CA | B5: 0 | C5: =IF(C3="","",'Caracs du projet'!$E$30) -> 4600 | D5: =IF(D3="","",'Caracs du projet'!$E$30) -> 4600 | E5: =IF(E3="","",'Caracs du projet'!$E$30) -> 4600 | F5: =IF(F3="","",'Caracs du projet'!$E$30) -> 4600 | G5: =IF(G3="","",'Caracs du projet'!$E$30) -> 4600 | H5: =IF(H3="","",'Caracs du projet'!$E$30) -> 4600 | I5: =IF(I3="","",'Caracs du projet'!$E$30) -> 4600 | J5: =IF(J3="","",'Caracs du projet'!$E$30) -> 4600 | ... CV5: =IF(CV3="","",'Caracs du projet'!$E$30)
A6: - Autres charges | B6: 0 | C6: =IF(C3="","",'Caracs du projet'!$E$44) -> 1400 | D6: =IF(D3="","",'Caracs du projet'!$E$44) -> 1400 | E6: =IF(E3="","",'Caracs du projet'!$E$44) -> 1400 | F6: =IF(F3="","",'Caracs du projet'!$E$44) -> 1400 | G6: =IF(G3="","",'Caracs du projet'!$E$44) -> 1400 | H6: =IF(H3="","",'Caracs du projet'!$E$44) -> 1400 | I6: =IF(I3="","",'Caracs du projet'!$E$44) -> 1400 | J6: =IF(J3="","",'Caracs du projet'!$E$44) -> 1400 | ... CV6: =IF(CV3="","",'Caracs du projet'!$E$44)
A7: - Charges d'intérêts | B7: 0 | C7: =IF(C3="","",IF(OFFSET('Tableau d''emprunt'!$I$4,0,12*(C3-1))="",0,SUM(OFFSET(OFFSET('Tableau d''emprunt'!$I$4,0,12*(C3-1)),0,0,1,12)))) -> 418.50828 | D7: =IF(D3="","",IF(OFFSET('Tableau d''emprunt'!$I$4,0,12*(D3-1))="",0,SUM(OFFSET(OFFSET('Tableau d''emprunt'!$I$4,0,12*(D3-1)),0,0,1,12)))) -> 391.93864 | E7: =IF(E3="","",IF(OFFSET('Tableau d''emprunt'!$I$4,0,12*(E3-1))="",0,SUM(OFFSET(OFFSET('Tableau d''emprunt'!$I$4,0,12*(E3-1)),0,0,1,12)))) -> 365.05813 | F7: =IF(F3="","",IF(OFFSET('Tableau d''emprunt'!$I$4,0,12*(F3-1))="",0,SUM(OFFSET(OFFSET('Tableau d''emprunt'!$I$4,0,12*(F3-1)),0,0,1,12)))) -> 337.86311 | G7: =IF(G3="","",IF(OFFSET('Tableau d''emprunt'!$I$4,0,12*(G3-1))="",0,SUM(OFFSET(OFFSET('Tableau d''emprunt'!$I$4,0,12*(G3-1)),0,0,1,12)))) -> 310.34992 | H7: =IF(H3="","",IF(OFFSET('Tableau d''emprunt'!$I$4,0,12*(H3-1))="",0,SUM(OFFSET(OFFSET('Tableau d''emprunt'!$I$4,0,12*(H3-1)),0,0,1,12)))) -> 282.51482 | I7: =IF(I3="","",IF(OFFSET('Tableau d''emprunt'!$I$4,0,12*(I3-1))="",0,SUM(OFFSET(OFFSET('Tableau d''emprunt'!$I$4,0,12*(I3-1)),0,0,1,12)))) -> 254.35405 | J7: =IF(J3="","",IF(OFFSET('Tableau d''emprunt'!$I$4,0,12*(J3-1))="",0,SUM(OFFSET(OFFSET('Tableau d''emprunt'!$I$4,0,12*(J3-1)),0,0,1,12)))) -> 225.8638 | ... ER7: =IF(ER3="","",IF(OFFSET('Tableau d''emprunt'!$I$4,0,12*(ER3-1))="",0,SUM(OFFSET(OFFSET('Tableau d''emprunt'!$I$4,0,12*(ER3-1)),0,0,1,12))))
A8: - Charges d'intérêts retraitées de l'inflation | B8: =IF(B3="","",B7/POWER(1+'Caracs du projet'!$E$93,B3-1)) -> 0 | C8: =IF(C3="","",C7/POWER(1+'Caracs du projet'!$E$93,C3)) -> 414.36464 | D8: =IF(D3="","",D7/POWER(1+'Caracs du projet'!$E$93,D3)) -> 384.2159 | E8: =IF(E3="","",E7/POWER(1+'Caracs du projet'!$E$93,E3)) -> 354.32182 | F8: =IF(F3="","",F7/POWER(1+'Caracs du projet'!$E$93,F3)) -> 324.67981 | G8: =IF(G3="","",G7/POWER(1+'Caracs du projet'!$E$93,G3)) -> 295.2873 | H8: =IF(H3="","",H7/POWER(1+'Caracs du projet'!$E$93,H3)) -> 266.14174 | I8: =IF(I3="","",I7/POWER(1+'Caracs du projet'!$E$93,I3)) -> 237.24062 | J8: =IF(J3="","",J7/POWER(1+'Caracs du projet'!$E$93,J3)) -> 208.58143 | ... ER8: =IF(ER3="","",ER7/POWER(1+'Caracs du projet'!$E$93,ER3))
A9: - Amortissements | B9: 0 | C9: =IF(C3="","",IF(C3>'Caracs du projet'!$C$46,0,'Caracs du projet'!$E$46)) -> 2250 | D9: =IF(D3="","",IF(D3>'Caracs du projet'!$C$46,0,'Caracs du projet'!$E$46)) -> 2250 | E9: =IF(E3="","",IF(E3>'Caracs du projet'!$C$46,0,'Caracs du projet'!$E$46)) -> 2250 | F9: =IF(F3="","",IF(F3>'Caracs du projet'!$C$46,0,'Caracs du projet'!$E$46)) -> 2250 | G9: =IF(G3="","",IF(G3>'Caracs du projet'!$C$46,0,'Caracs du projet'!$E$46)) -> 2250 | H9: =IF(H3="","",IF(H3>'Caracs du projet'!$C$46,0,'Caracs du projet'!$E$46)) -> 2250 | I9: =IF(I3="","",IF(I3>'Caracs du projet'!$C$46,0,'Caracs du projet'!$E$46)) -> 2250 | J9: =IF(J3="","",IF(J3>'Caracs du projet'!$C$46,0,'Caracs du projet'!$E$46)) -> 2250 | ... CX9: =IF(CX3="","",IF(CX3>'Caracs du projet'!$C$46,0,'Caracs du projet'!$E$46))
A10: - Amortissements retraités de l'inflation | B10: =0 -> 0 | C10: =IF(C3="","",C9/POWER(1+'Caracs du projet'!$E$93,C3)) -> 2227.7228 | D10: =IF(D3="","",D9/POWER(1+'Caracs du projet'!$E$93,D3)) -> 2205.6661 | E10: =IF(E3="","",E9/POWER(1+'Caracs du projet'!$E$93,E3)) -> 2183.8278 | F10: =IF(F3="","",F9/POWER(1+'Caracs du projet'!$E$93,F3)) -> 2162.2058 | G10: =IF(G3="","",G9/POWER(1+'Caracs du projet'!$E$93,G3)) -> 2140.7978 | H10: =IF(H3="","",H9/POWER(1+'Caracs du projet'!$E$93,H3)) -> 2119.6018 | I10: =IF(I3="","",I9/POWER(1+'Caracs du projet'!$E$93,I3)) -> 2098.6156 | J10: =IF(J3="","",J9/POWER(1+'Caracs du projet'!$E$93,J3)) -> 2077.8373 | ... EQ10: =IF(EQ3="","",EQ9/POWER(1+'Caracs du projet'!$E$93,EQ3))
A11: + PCEA | B11: =0 -> 0 | C11: =IF(C3="","",IF(C3='Caracs du projet'!$E$21,'Caracs du projet'!$E$22,0)) -> 0 | D11: =IF(D3="","",IF(D3='Caracs du projet'!$E$21,'Caracs du projet'!$E$22,0)) -> 0 | E11: =IF(E3="","",IF(E3='Caracs du projet'!$E$21,'Caracs du projet'!$E$22,0)) -> 0 | F11: =IF(F3="","",IF(F3='Caracs du projet'!$E$21,'Caracs du projet'!$E$22,0)) -> 0 | G11: =IF(G3="","",IF(G3='Caracs du projet'!$E$21,'Caracs du projet'!$E$22,0)) -> 0 | H11: =IF(H3="","",IF(H3='Caracs du projet'!$E$21,'Caracs du projet'!$E$22,0)) -> 0 | I11: =IF(I3="","",IF(I3='Caracs du projet'!$E$21,'Caracs du projet'!$E$22,0)) -> 0 | J11: =IF(J3="","",IF(J3='Caracs du projet'!$E$21,'Caracs du projet'!$E$22,0)) -> 0 | ... EO11: =IF(EO3="","",IF(EO3='Caracs du projet'!$E$21,'Caracs du projet'!$E$22,0))
A12: - VCEAC | B12: =0 -> 0 | C12: =IF(C3="","",IF(C3='Caracs du projet'!$E$21,IF('Caracs du projet'!$E$21>'Caracs du projet'!$C$46,0,'Caracs du projet'!$E$20-'Caracs du projet'!$E$21*'Caracs du projet'!$E$46),0)) -> 0 | D12: =IF(D3="","",IF(D3='Caracs du projet'!$E$21,IF('Caracs du projet'!$E$21>'Caracs du projet'!$C$46,0,'Caracs du projet'!$E$20-'Caracs du projet'!$E$21*'Caracs du projet'!$E$46),0)) -> 0 | E12: =IF(E3="","",IF(E3='Caracs du projet'!$E$21,IF('Caracs du projet'!$E$21>'Caracs du projet'!$C$46,0,'Caracs du projet'!$E$20-'Caracs du projet'!$E$21*'Caracs du projet'!$E$46),0)) -> 0 | F12: =IF(F3="","",IF(F3='Caracs du projet'!$E$21,IF('Caracs du projet'!$E$21>'Caracs du projet'!$C$46,0,'Caracs du projet'!$E$20-'Caracs du projet'!$E$21*'Caracs du projet'!$E$46),0)) -> 0 | G12: =IF(G3="","",IF(G3='Caracs du projet'!$E$21,IF('Caracs du projet'!$E$21>'Caracs du projet'!$C$46,0,'Caracs du projet'!$E$20-'Caracs du projet'!$E$21*'Caracs du projet'!$E$46),0)) -> 0 | H12: =IF(H3="","",IF(H3='Caracs du projet'!$E$21,IF('Caracs du projet'!$E$21>'Caracs du projet'!$C$46,0,'Caracs du projet'!$E$20-'Caracs du projet'!$E$21*'Caracs du projet'!$E$46),0)) -> 0 | I12: =IF(I3="","",IF(I3='Caracs du projet'!$E$21,IF('Caracs du projet'!$E$21>'Caracs du projet'!$C$46,0,'Caracs du projet'!$E$20-'Caracs du projet'!$E$21*'Caracs du projet'!$E$46),0)) -> 0 | J12: =IF(J3="","",IF(J3='Caracs du projet'!$E$21,IF('Caracs du projet'!$E$21>'Caracs du projet'!$C$46,0,'Caracs du projet'!$E$20-'Caracs du projet'!$E$21*'Caracs du projet'!$E$46),0)) -> 0 | ... EO12: =IF(EO3="","",IF(EO3='Caracs du projet'!$E$21,IF('Caracs du projet'!$E$21>'Caracs du projet'!$C$46,0,'Caracs du projet'!$E$20-'Caracs du projet'!$E$21*'Caracs du projet'!$E$46),0))
A13: = Résultat brut | B13: 0 | C13: =IF(C3="","",C5-C6-C8-C10-C12+C11) -> 557.91259 | D13: =IF(D3="","",D5-D6-D8-D10-D12+D11) -> 610.11799 | E13: =IF(E3="","",E5-E6-E8-E10-E12+E11) -> 661.85034 | F13: =IF(F3="","",F5-F6-F8-F10-F12+F11) -> 713.11441 | G13: =IF(G3="","",G5-G6-G8-G10-G12+G11) -> 763.9149 | H13: =IF(H3="","",H5-H6-H8-H10-H12+H11) -> 814.25648 | I13: =IF(I3="","",I5-I6-I8-I10-I12+I11) -> 864.14376 | J13: =IF(J3="","",J5-J6-J8-J10-J12+J11) -> 913.58132 | ... ER13: =IF(ER3="","",ER5-ER6-ER8-ER10-ER12+ER11)
A14: - IS | B14: 0 | C14: =IF(C3="","",IF(C13<'Caracs du projet'!$E$9,C13*'Caracs du projet'!$E$8,'Caracs du projet'!$E$9*'Caracs du projet'!$E$8+(C13-'Caracs du projet'!$E$9)*'Caracs du projet'!$E$7)) -> 83.686888 | D14: =IF(D3="","",IF(D13<'Caracs du projet'!$E$9,D13*'Caracs du projet'!$E$8,'Caracs du projet'!$E$9*'Caracs du projet'!$E$8+(D13-'Caracs du projet'!$E$9)*'Caracs du projet'!$E$7)) -> 91.517698 | E14: =IF(E3="","",IF(E13<'Caracs du projet'!$E$9,E13*'Caracs du projet'!$E$8,'Caracs du projet'!$E$9*'Caracs du projet'!$E$8+(E13-'Caracs du projet'!$E$9)*'Caracs du projet'!$E$7)) -> 99.277552 | F14: =IF(F3="","",IF(F13<'Caracs du projet'!$E$9,F13*'Caracs du projet'!$E$8,'Caracs du projet'!$E$9*'Caracs du projet'!$E$8+(F13-'Caracs du projet'!$E$9)*'Caracs du projet'!$E$7)) -> 106.96716 | G14: =IF(G3="","",IF(G13<'Caracs du projet'!$E$9,G13*'Caracs du projet'!$E$8,'Caracs du projet'!$E$9*'Caracs du projet'!$E$8+(G13-'Caracs du projet'!$E$9)*'Caracs du projet'!$E$7)) -> 114.58724 | H14: =IF(H3="","",IF(H13<'Caracs du projet'!$E$9,H13*'Caracs du projet'!$E$8,'Caracs du projet'!$E$9*'Caracs du projet'!$E$8+(H13-'Caracs du projet'!$E$9)*'Caracs du projet'!$E$7)) -> 122.13847 | I14: =IF(I3="","",IF(I13<'Caracs du projet'!$E$9,I13*'Caracs du projet'!$E$8,'Caracs du projet'!$E$9*'Caracs du projet'!$E$8+(I13-'Caracs du projet'!$E$9)*'Caracs du projet'!$E$7)) -> 129.62156 | J14: =IF(J3="","",IF(J13<'Caracs du projet'!$E$9,J13*'Caracs du projet'!$E$8,'Caracs du projet'!$E$9*'Caracs du projet'!$E$8+(J13-'Caracs du projet'!$E$9)*'Caracs du projet'!$E$7)) -> 137.0372 | ... CY14: =IF(CY3="","",IF(CY13<'Caracs du projet'!$E$9,CY13*'Caracs du projet'!$E$8,'Caracs du projet'!$E$9*'Caracs du projet'!$E$8+(CY13-'Caracs du projet'!$E$9)*'Caracs du projet'!$E$7))
A15: = Résultat net | B15: 0 | C15: =IF(C3="","",C13-C14) -> 474.2257 | D15: =IF(D3="","",D13-D14) -> 518.60029 | E15: =IF(E3="","",E13-E14) -> 562.57279 | F15: =IF(F3="","",F13-F14) -> 606.14725 | G15: =IF(G3="","",G13-G14) -> 649.32767 | H15: =IF(H3="","",H13-H14) -> 692.11801 | I15: =IF(I3="","",I13-I14) -> 734.5222 | J15: =IF(J3="","",J13-J14) -> 776.54412 | ... CZ15: =IF(CZ3="","",CZ13-CZ14)
A17: - Prélèvements sociaux | B17: 0 | C17: =IF(C3="","",C15*'Caracs du projet'!$E$12) -> 81.566821 | D17: =IF(D3="","",D15*'Caracs du projet'!$E$12) -> 89.19925 | E17: =IF(E3="","",E15*'Caracs du projet'!$E$12) -> 96.76252 | F17: =IF(F3="","",F15*'Caracs du projet'!$E$12) -> 104.25733 | G17: =IF(G3="","",G15*'Caracs du projet'!$E$12) -> 111.68436 | H17: =IF(H3="","",H15*'Caracs du projet'!$E$12) -> 119.0443 | I17: =IF(I3="","",I15*'Caracs du projet'!$E$12) -> 126.33782 | J17: =IF(J3="","",J15*'Caracs du projet'!$E$12) -> 133.56559 | ... EI17: =IF(EI3="","",EI15*'Caracs du projet'!$E$12)
A18: - IR | B18: 0 | C18: =IF(C3="","",C15*(1-'Caracs du projet'!$E$10)*'Caracs du projet'!$E$60) -> 39.834959 | D18: =IF(D3="","",D15*(1-'Caracs du projet'!$E$10)*'Caracs du projet'!$E$60) -> 43.562424 | E18: =IF(E3="","",E15*(1-'Caracs du projet'!$E$10)*'Caracs du projet'!$E$60) -> 47.256115 | F18: =IF(F3="","",F15*(1-'Caracs du projet'!$E$10)*'Caracs du projet'!$E$60) -> 50.916369 | G18: =IF(G3="","",G15*(1-'Caracs du projet'!$E$10)*'Caracs du projet'!$E$60) -> 54.543524 | H18: =IF(H3="","",H15*(1-'Caracs du projet'!$E$10)*'Caracs du projet'!$E$60) -> 58.137913 | I18: =IF(I3="","",I15*(1-'Caracs du projet'!$E$10)*'Caracs du projet'!$E$60) -> 61.699864 | J18: =IF(J3="","",J15*(1-'Caracs du projet'!$E$10)*'Caracs du projet'!$E$60) -> 65.229706 | ... EJ18: =IF(EJ3="","",EJ15*(1-'Caracs du projet'!$E$10)*'Caracs du projet'!$E$60)
A19: = Max potentiel de dividendes nets | B19: 0 | C19: =IF(C3="","",C15-C17-C18) -> 352.82392 | D19: =IF(D3="","",D15-D17-D18) -> 385.83862 | E19: =IF(E3="","",E15-E17-E18) -> 418.55416 | F19: =IF(F3="","",F15-F17-F18) -> 450.97355 | G19: =IF(G3="","",G15-G17-G18) -> 483.09978 | H19: =IF(H3="","",H15-H17-H18) -> 514.9358 | I19: =IF(I3="","",I15-I17-I18) -> 546.48451 | J19: =IF(J3="","",J15-J17-J18) -> 577.74883 | ... EL19: =IF(EL3="","",EL15-EL17-EL18)
A22: Amortissement du prêt : | B22: 0 | C22: =IF(C3="","",IF(OFFSET('Tableau d''emprunt'!$I$5,0,12*(C3-1))="",0,SUM(OFFSET(OFFSET('Tableau d''emprunt'!$I$5,0,12*(C3-1)),0,0,1,12)))) -> 2270.9099 | D22: =IF(D3="","",IF(OFFSET('Tableau d''emprunt'!$I$5,0,12*(D3-1))="",0,SUM(OFFSET(OFFSET('Tableau d''emprunt'!$I$5,0,12*(D3-1)),0,0,1,12)))) -> 2297.4796 | E22: =IF(E3="","",IF(OFFSET('Tableau d''emprunt'!$I$5,0,12*(E3-1))="",0,SUM(OFFSET(OFFSET('Tableau d''emprunt'!$I$5,0,12*(E3-1)),0,0,1,12)))) -> 2324.3601 | F22: =IF(F3="","",IF(OFFSET('Tableau d''emprunt'!$I$5,0,12*(F3-1))="",0,SUM(OFFSET(OFFSET('Tableau d''emprunt'!$I$5,0,12*(F3-1)),0,0,1,12)))) -> 2351.5551 | G22: =IF(G3="","",IF(OFFSET('Tableau d''emprunt'!$I$5,0,12*(G3-1))="",0,SUM(OFFSET(OFFSET('Tableau d''emprunt'!$I$5,0,12*(G3-1)),0,0,1,12)))) -> 2379.0683 | H22: =IF(H3="","",IF(OFFSET('Tableau d''emprunt'!$I$5,0,12*(H3-1))="",0,SUM(OFFSET(OFFSET('Tableau d''emprunt'!$I$5,0,12*(H3-1)),0,0,1,12)))) -> 2406.9034 | I22: =IF(I3="","",IF(OFFSET('Tableau d''emprunt'!$I$5,0,12*(I3-1))="",0,SUM(OFFSET(OFFSET('Tableau d''emprunt'!$I$5,0,12*(I3-1)),0,0,1,12)))) -> 2435.0641 | J22: =IF(J3="","",IF(OFFSET('Tableau d''emprunt'!$I$5,0,12*(J3-1))="",0,SUM(OFFSET(OFFSET('Tableau d''emprunt'!$I$5,0,12*(J3-1)),0,0,1,12)))) -> 2463.5544 | ... DS22: =IF(DS3="","",IF(OFFSET('Tableau d''emprunt'!$I$5,0,12*(DS3-1))="",0,SUM(OFFSET(OFFSET('Tableau d''emprunt'!$I$5,0,12*(DS3-1)),0,0,1,12)))) | DT22: =IF(DT3="","",IF(OFFSET('Tableau d''emprunt'!$I$5,0,12*(DT3-1))="","",SUM(OFFSET(OFFSET('Tableau d''emprunt'!$I$5,0,12*(DT3-1)),0,0,1,12)))) | DU22: =IF(DU3="","",IF(OFFSET('Tableau d''emprunt'!$I$5,0,12*(DU3-1))="","",SUM(OFFSET(OFFSET('Tableau d''emprunt'!$I$5,0,12*(DU3-1)),0,0,1,12)))) | DV22: =IF(DV3="","",IF(OFFSET('Tableau d''emprunt'!$I$5,0,12*(DV3-1))="","",SUM(OFFSET(OFFSET('Tableau d''emprunt'!$I$5,0,12*(DV3-1)),0,0,1,12)))) | DW22: =IF(DW3="","",IF(OFFSET('Tableau d''emprunt'!$I$5,0,12*(DW3-1))="","",SUM(OFFSET(OFFSET('Tableau d''emprunt'!$I$5,0,12*(DW3-1)),0,0,1,12)))) | DX22: =IF(DX3="","",IF(OFFSET('Tableau d''emprunt'!$I$5,0,12*(DX3-1))="","",SUM(OFFSET(OFFSET('Tableau d''emprunt'!$I$5,0,12*(DX3-1)),0,0,1,12)))) | DY22: =IF(DY3="","",IF(OFFSET('Tableau d''emprunt'!$I$5,0,12*(DY3-1))="","",SUM(OFFSET(OFFSET('Tableau d''emprunt'!$I$5,0,12*(DY3-1)),0,0,1,12)))) | DZ22: =IF(DZ3="","",IF(OFFSET('Tableau d''emprunt'!$I$5,0,12*(DZ3-1))="","",SUM(OFFSET(OFFSET('Tableau d''emprunt'!$I$5,0,12*(DZ3-1)),0,0,1,12)))) | EA22: =IF(EA3="","",IF(OFFSET('Tableau d''emprunt'!$I$5,0,12*(EA3-1))="","",SUM(OFFSET(OFFSET('Tableau d''emprunt'!$I$5,0,12*(EA3-1)),0,0,1,12)))) | ... EL22: =IF(EL3="","",IF(OFFSET('Tableau d''emprunt'!$I$5,0,12*(EL3-1))="","",SUM(OFFSET(OFFSET('Tableau d''emprunt'!$I$5,0,12*(EL3-1)),0,0,1,12))))
A23: Amortissement du prêt retraité de l'inflation : | B23: 0 | C23: =IF(C3="","",C22/POWER(1+'Caracs du projet'!$E$93,C3)) -> 2248.4257 | D23: =IF(D3="","",D22/POWER(1+'Caracs du projet'!$E$93,D3)) -> 2252.2101 | E23: =IF(E3="","",E22/POWER(1+'Caracs du projet'!$E$93,E3)) -> 2256.001 | F23: =IF(F3="","",F22/POWER(1+'Caracs du projet'!$E$93,F3)) -> 2259.7982 | G23: =IF(G3="","",G22/POWER(1+'Caracs du projet'!$E$93,G3)) -> 2263.6018 | H23: =IF(H3="","",H22/POWER(1+'Caracs du projet'!$E$93,H3)) -> 2267.4119 | I23: =IF(I3="","",I22/POWER(1+'Caracs du projet'!$E$93,I3)) -> 2271.2283 | J23: =IF(J3="","",J22/POWER(1+'Caracs du projet'!$E$93,J3)) -> 2275.0512 | ... ET23: =IF(ET3="","",ET22/POWER(1+'Caracs du projet'!$E$93,ET3))
A24: CAF sans retraitement des amorts immo et emprunt : | B24: =0 -> 0 | C24: =IF(C3="","",C15+C9+C12-C22) -> 453.31579 | D24: =IF(D3="","",D15+D9+D12-D22) -> 471.12073 | E24: =IF(E3="","",E15+E9+E12-E22) -> 488.21272 | F24: =IF(F3="","",F15+F9+F12-F22) -> 504.59217 | G24: =IF(G3="","",G15+G9+G12-G22) -> 520.25939 | H24: =IF(H3="","",H15+H9+H12-H22) -> 535.21463 | I24: =IF(I3="","",I15+I9+I12-I22) -> 549.45805 | J24: =IF(J3="","",J15+J9+J12-J22) -> 562.98973 | ... EV24: =IF(EV3="","",EV15+EV9+EV12-EV22)
A25: CAF retraitée amort immo et emprunt : | B25: 0 | C25: =IF(C3="","",C15+C10+C12-C23) -> 453.52282 | D25: =IF(D3="","",D15+D10+D12-D23) -> 472.05627 | E25: =IF(E3="","",E15+E10+E12-E23) -> 490.39964 | F25: =IF(F3="","",F15+F10+F12-F23) -> 508.55481 | G25: =IF(G3="","",G15+G10+G12-G23) -> 526.52363 | H25: =IF(H3="","",H15+H10+H12-H23) -> 544.30793 | I25: =IF(I3="","",I15+I10+I12-I23) -> 561.90953 | J25: =IF(J3="","",J15+J10+J12-J23) -> 579.33022 | ... EV25: =IF(EV3="","",EV15+EV10+EV12-EV23)
A27: Compte courant retraité de l'inflation : | B27: ='Caracs du projet'!E101 -> 8000 | C27: =IF(C3="","",B27/(1+'Caracs du projet'!$E$93)+(IF(B27>0,IF(AND(C25>0,B27<C25),-B27/(1+'Caracs du projet'!$E$93),-C25),IF(C25<0,-C25,0)))) -> 7467.2693 | D27: =IF(D3="","",C27/(1+'Caracs du projet'!$E$93)+(IF(C27>0,IF(AND(D25>0,C27<D25),-C27/(1+'Caracs du projet'!$E$93),-D25),IF(D25<0,-D25,0)))) -> 6921.2796 | E27: =IF(E3="","",D27/(1+'Caracs du projet'!$E$93)+(IF(D27>0,IF(AND(E25>0,D27<E25),-D27/(1+'Caracs du projet'!$E$93),-E25),IF(E25<0,-E25,0)))) -> 6362.3525 | F27: =IF(F3="","",E27/(1+'Caracs du projet'!$E$93)+(IF(E27>0,IF(AND(F25>0,E27<F25),-E27/(1+'Caracs du projet'!$E$93),-F25),IF(F25<0,-F25,0)))) -> 5790.8041 | G27: =IF(G3="","",F27/(1+'Caracs du projet'!$E$93)+(IF(F27>0,IF(AND(G25>0,F27<G25),-F27/(1+'Caracs du projet'!$E$93),-G25),IF(G25<0,-G25,0)))) -> 5206.9457 | H27: =IF(H3="","",G27/(1+'Caracs du projet'!$E$93)+(IF(G27>0,IF(AND(H25>0,G27<H25),-G27/(1+'Caracs du projet'!$E$93),-H25),IF(H25<0,-H25,0)))) -> 4611.0839 | I27: =IF(I3="","",H27/(1+'Caracs du projet'!$E$93)+(IF(H27>0,IF(AND(I25>0,H27<I25),-H27/(1+'Caracs du projet'!$E$93),-I25),IF(I25<0,-I25,0)))) -> 4003.5201 | J27: =IF(J3="","",I27/(1+'Caracs du projet'!$E$93)+(IF(I27>0,IF(AND(J25>0,I27<J25),-I27/(1+'Caracs du projet'!$E$93),-J25),IF(J25<0,-J25,0)))) -> 3384.551 | ... ER27: =IF(ER3="","",EQ27/(1+'Caracs du projet'!$E$93)+(IF(EQ27>0,IF(AND(ER25>0,EQ27<ER25),-EQ27/(1+'Caracs du projet'!$E$93),-ER25),IF(ER25<0,-ER25,0))))
A28: Compte courant non retraité de l'inflation : | B28: ='Caracs du projet'!E101 -> 8000 | C28: =IF(C3="","",B28+(IF(B28>0,IF(AND(C24>0,B28<C24),-B28,-C24),IF(C24<0,-C24,0)))) -> 7546.6842 | D28: =IF(D3="","",C28+(IF(C28>0,IF(AND(D24>0,C28<D24),-C28,-D24),IF(D24<0,-D24,0)))) -> 7075.5635 | E28: =IF(E3="","",D28+(IF(D28>0,IF(AND(E24>0,D28<E24),-D28,-E24),IF(E24<0,-E24,0)))) -> 6587.3508 | F28: =IF(F3="","",E28+(IF(E28>0,IF(AND(F24>0,E28<F24),-E28,-F24),IF(F24<0,-F24,0)))) -> 6082.7586 | G28: =IF(G3="","",F28+(IF(F28>0,IF(AND(G24>0,F28<G24),-F28,-G24),IF(G24<0,-G24,0)))) -> 5562.4992 | H28: =IF(H3="","",G28+(IF(G28>0,IF(AND(H24>0,G28<H24),-G28,-H24),IF(H24<0,-H24,0)))) -> 5027.2846 | I28: =IF(I3="","",H28+(IF(H28>0,IF(AND(I24>0,H28<I24),-H28,-I24),IF(I24<0,-I24,0)))) -> 4477.8265 | J28: =IF(J3="","",I28+(IF(I28>0,IF(AND(J24>0,I28<J24),-I28,-J24),IF(J24<0,-J24,0)))) -> 3914.8368 | ... V28: =IF(V3="","",U28+(IF(U28>0,IF(AND(V24>0,U28<V24),-U28,-V24),IF(V24<0,-V24,0)))) -> 0
A29: Perte de valeur annuelle du CC compte tenu de l'inflation : | B29: =0 -> 0 | C29: =IF(C3="","",B27-B27/(1+'Caracs du projet'!$E$93)) -> 79.207921 | D29: =IF(D3="","",C27-C27/(1+'Caracs du projet'!$E$93)) -> 73.933359 | E29: =IF(E3="","",D27-D27/(1+'Caracs du projet'!$E$93)) -> 68.527521 | F29: =IF(F3="","",E27-E27/(1+'Caracs du projet'!$E$93)) -> 62.993589 | G29: =IF(G3="","",F27-F27/(1+'Caracs du projet'!$E$93)) -> 57.334694 | H29: =IF(H3="","",G27-G27/(1+'Caracs du projet'!$E$93)) -> 51.553918 | I29: =IF(I3="","",H27-H27/(1+'Caracs du projet'!$E$93)) -> 45.654296 | J29: =IF(J3="","",I27-I27/(1+'Caracs du projet'!$E$93)) -> 39.638813 | ... EQ29: =IF(EQ3="","",EP27-EP27/(1+'Caracs du projet'!$E$93))
A30: Apport perso : | B30: ='Caracs du projet'!E101 -> 8000 | C30: =IF(C3="","",IF(B27/(1+'Caracs du projet'!$E$93)-C27<0,C27-B27/(1+'Caracs du projet'!$E$93),0)) -> 0 | D30: =IF(D3="","",IF(C27/(1+'Caracs du projet'!$E$93)-D27<0,D27-C27/(1+'Caracs du projet'!$E$93),0)) -> 0 | E30: =IF(E3="","",IF(D27/(1+'Caracs du projet'!$E$93)-E27<0,E27-D27/(1+'Caracs du projet'!$E$93),0)) -> 0 | F30: =IF(F3="","",IF(E27/(1+'Caracs du projet'!$E$93)-F27<0,F27-E27/(1+'Caracs du projet'!$E$93),0)) -> 0 | G30: =IF(G3="","",IF(F27/(1+'Caracs du projet'!$E$93)-G27<0,G27-F27/(1+'Caracs du projet'!$E$93),0)) -> 0 | H30: =IF(H3="","",IF(G27/(1+'Caracs du projet'!$E$93)-H27<0,H27-G27/(1+'Caracs du projet'!$E$93),0)) -> 0 | I30: =IF(I3="","",IF(H27/(1+'Caracs du projet'!$E$93)-I27<0,I27-H27/(1+'Caracs du projet'!$E$93),0)) -> 0 | J30: =IF(J3="","",IF(I27/(1+'Caracs du projet'!$E$93)-J27<0,J27-I27/(1+'Caracs du projet'!$E$93),0)) -> 0 | ... ER30: =IF(ER3="","",IF(EQ27/(1+'Caracs du projet'!$E$93)-ER27<0,ER27-EQ27/(1+'Caracs du projet'!$E$93),0))
A31: Rb du compte courant : | B31: 0 | C31: =IF(C3="","",IF(C27-B27/(1+'Caracs du projet'!$E$93)<0,MIN(B27/(1+'Caracs du projet'!$E$93),C25),0)) -> 453.52282 | D31: =IF(D3="","",IF(D27-C27/(1+'Caracs du projet'!$E$93)<0,MIN(C27/(1+'Caracs du projet'!$E$93),D25),0)) -> 472.05627 | E31: =IF(E3="","",IF(E27-D27/(1+'Caracs du projet'!$E$93)<0,MIN(D27/(1+'Caracs du projet'!$E$93),E25),0)) -> 490.39964 | F31: =IF(F3="","",IF(F27-E27/(1+'Caracs du projet'!$E$93)<0,MIN(E27/(1+'Caracs du projet'!$E$93),F25),0)) -> 508.55481 | G31: =IF(G3="","",IF(G27-F27/(1+'Caracs du projet'!$E$93)<0,MIN(F27/(1+'Caracs du projet'!$E$93),G25),0)) -> 526.52363 | H31: =IF(H3="","",IF(H27-G27/(1+'Caracs du projet'!$E$93)<0,MIN(G27/(1+'Caracs du projet'!$E$93),H25),0)) -> 544.30793 | I31: =IF(I3="","",IF(I27-H27/(1+'Caracs du projet'!$E$93)<0,MIN(H27/(1+'Caracs du projet'!$E$93),I25),0)) -> 561.90953 | J31: =IF(J3="","",IF(J27-I27/(1+'Caracs du projet'!$E$93)<0,MIN(I27/(1+'Caracs du projet'!$E$93),J25),0)) -> 579.33022 | ... ER31: =IF(ER3="","",IF(ER27-EQ27/(1+'Caracs du projet'!$E$93)<0,MIN(EQ27/(1+'Caracs du projet'!$E$93),ER25),0))
A33: Max résultat net distribuable de l'année : | B33: =0 -> 0 | C33: =IF(C3="","",MIN(C15,MAX(C25-C31,0))) -> 0 | D33: =IF(D3="","",MIN(D15,MAX(D25-D31,0))) -> 0 | E33: =IF(E3="","",MIN(E15,MAX(E25-E31,0))) -> 0 | F33: =IF(F3="","",MIN(F15,MAX(F25-F31,0))) -> 0 | G33: =IF(G3="","",MIN(G15,MAX(G25-G31,0))) -> 0 | H33: =IF(H3="","",MIN(H15,MAX(H25-H31,0))) -> 0 | I33: =IF(I3="","",MIN(I15,MAX(I25-I31,0))) -> 0 | J33: =IF(J3="","",MIN(J15,MAX(J25-J31,0))) -> 0 | ... DL33: =IF(DL3="","",MIN(DL15,MAX(DL25-DL31,0))) | DM33: =IF(DM3="","",MIN(DM15,MAX(DM25,0))) | DN33: =IF(DN3="","",MIN(DN15,MAX(DN25,0))) | DO33: =IF(DO3="","",MIN(DO15,MAX(DO25,0))) | DP33: =IF(DP3="","",MIN(DP15,MAX(DP25,0))) | DQ33: =IF(DQ3="","",MIN(DQ15,MAX(DQ25,0))) | DR33: =IF(DR3="","",MIN(DR15,MAX(DR25,0))) | DS33: =IF(DS3="","",MIN(DS15,MAX(DS25,0))) | DT33: =IF(DT3="","",MIN(DT15,MAX(DT25,0))) | ... EV33: =IF(EV3="","",MIN(EV15,MAX(EV25,0)))
A34: Réserves compte tenu de l'inflation : | B34: =0 -> 0 | C34: =IF(C3="","",B34/(1+'Caracs du projet'!$E$93)+B15/(1+'Caracs du projet'!$E$93)-B33/(1+'Caracs du projet'!$E$93)-B36/(1+'Caracs du projet'!$E$93)) -> 0 | D34: =IF(D3="","",IF(C34+C15-C33-C36>0,C34/(1+'Caracs du projet'!$E$93)+C15/(1+'Caracs du projet'!$E$93)-C33/(1+'Caracs du projet'!$E$93)-C36/(1+'Caracs du projet'!$E$93),0)) -> 469.5304 | E34: =IF(E3="","",IF(D34+D15-D33-D36>0,D34/(1+'Caracs du projet'!$E$93)+D15/(1+'Caracs du projet'!$E$93)-D33/(1+'Caracs du projet'!$E$93)-D36/(1+'Caracs du projet'!$E$93),0)) -> 978.34722 | F34: =IF(F3="","",IF(E34+E15-E33-E36>0,E34/(1+'Caracs du projet'!$E$93)+E15/(1+'Caracs du projet'!$E$93)-E33/(1+'Caracs du projet'!$E$93)-E36/(1+'Caracs du projet'!$E$93),0)) -> 1525.6634 | G34: =IF(G3="","",IF(F34+F15-F33-F36>0,F34/(1+'Caracs du projet'!$E$93)+F15/(1+'Caracs du projet'!$E$93)-F33/(1+'Caracs du projet'!$E$93)-F36/(1+'Caracs du projet'!$E$93),0)) -> 2110.7036 | H34: =IF(H3="","",IF(G34+G15-G33-G36>0,G34/(1+'Caracs du projet'!$E$93)+G15/(1+'Caracs du projet'!$E$93)-G33/(1+'Caracs du projet'!$E$93)-G36/(1+'Caracs du projet'!$E$93),0)) -> 2732.7042 | I34: =IF(I3="","",IF(H34+H15-H33-H36>0,H34/(1+'Caracs du projet'!$E$93)+H15/(1+'Caracs du projet'!$E$93)-H33/(1+'Caracs du projet'!$E$93)-H36/(1+'Caracs du projet'!$E$93),0)) -> 3390.9131 | J34: =IF(J3="","",IF(I34+I15-I33-I36>0,I34/(1+'Caracs du projet'!$E$93)+I15/(1+'Caracs du projet'!$E$93)-I33/(1+'Caracs du projet'!$E$93)-I36/(1+'Caracs du projet'!$E$93),0)) -> 4084.5894 | K34: =IF(K3="","",IF(J34+J15-J33-J36>0,J34/(1+'Caracs du projet'!$E$93)+J15/(1+'Caracs du projet'!$E$93)-J33/(1+'Caracs du projet'!$E$93)-J36/(1+'Caracs du projet'!$E$93),0)) -> 4813.0035 | ... EV34: =IF(EV3="","",IF(EU34+EU15-EU33-EU36>0,EU34/(1+'Caracs du projet'!$E$93)+EU15/(1+'Caracs du projet'!$E$93)-EU33/(1+'Caracs du projet'!$E$93)-EU36/(1+'Caracs du projet'!$E$93),0))
A35: Perte de valeur annuelle des réserves compte tenu de l'infl : | B35: =0 -> 0 | C35: =IF(C3="","",(B34-B36)-(B34-B36)/(1+'Caracs du projet'!$E$93)+(B15-B33)-(B15-B33)/(1+'Caracs du projet'!$E$93)) -> 0 | D35: =IF(D3="","",(C34-C36)-(C34-C36)/(1+'Caracs du projet'!$E$93)+(C15-C33)-(C15-C33)/(1+'Caracs du projet'!$E$93)) -> 4.695304 | E35: =IF(E3="","",(D34-D36)-(D34-D36)/(1+'Caracs du projet'!$E$93)+(D15-D33)-(D15-D33)/(1+'Caracs du projet'!$E$93)) -> 9.7834722 | F35: =IF(F3="","",(E34-E36)-(E34-E36)/(1+'Caracs du projet'!$E$93)+(E15-E33)-(E15-E33)/(1+'Caracs du projet'!$E$93)) -> 15.256634 | G35: =IF(G3="","",(F34-F36)-(F34-F36)/(1+'Caracs du projet'!$E$93)+(F15-F33)-(F15-F33)/(1+'Caracs du projet'!$E$93)) -> 21.107036 | H35: =IF(H3="","",(G34-G36)-(G34-G36)/(1+'Caracs du projet'!$E$93)+(G15-G33)-(G15-G33)/(1+'Caracs du projet'!$E$93)) -> 27.327042 | I35: =IF(I3="","",(H34-H36)-(H34-H36)/(1+'Caracs du projet'!$E$93)+(H15-H33)-(H15-H33)/(1+'Caracs du projet'!$E$93)) -> 33.909131 | J35: =IF(J3="","",(I34-I36)-(I34-I36)/(1+'Caracs du projet'!$E$93)+(I15-I33)-(I15-I33)/(1+'Caracs du projet'!$E$93)) -> 40.845894 | ... EV35: =IF(EV3="","",(EU34-EU36)-(EU34-EU36)/(1+'Caracs du projet'!$E$93)+(EU15-EU33)-(EU15-EU33)/(1+'Caracs du projet'!$E$93))
A36: Max distribution des réserves : | B36: =0 -> 0 | C36: =IF(C3="","",MIN(C34,IF(C25-C15-C31<0,0,C25-C15-C31))) -> 0 | D36: =IF(D3="","",MIN(D34,IF(D25-D15-D31<0,0,D25-D15-D31))) -> 0 | E36: =IF(E3="","",MIN(E34,IF(E25-E15-E31<0,0,E25-E15-E31))) -> 0 | F36: =IF(F3="","",MIN(F34,IF(F25-F15-F31<0,0,F25-F15-F31))) -> 0 | G36: =IF(G3="","",MIN(G34,IF(G25-G15-G31<0,0,G25-G15-G31))) -> 0 | H36: =IF(H3="","",MIN(H34,IF(H25-H15-H31<0,0,H25-H15-H31))) -> 0 | I36: =IF(I3="","",MIN(I34,IF(I25-I15-I31<0,0,I25-I15-I31))) -> 0 | J36: =IF(J3="","",MIN(J34,IF(J25-J15-J31<0,0,J25-J15-J31))) -> 0 | ... EU36: =IF(EU3="","",MIN(EU34,IF(EU25-EU15-EU31<0,0,EU25-EU15-EU31)))
A37: Total distribution (résultat + réserves) : | B37: =0 -> 0 | C37: =IF(C3="","",C33+C36) -> 0 | D37: =IF(D3="","",D33+D36) -> 0 | E37: =IF(E3="","",E33+E36) -> 0 | F37: =IF(F3="","",F33+F36) -> 0 | G37: =IF(G3="","",G33+G36) -> 0 | H37: =IF(H3="","",H33+H36) -> 0 | I37: =IF(I3="","",I33+I36) -> 0 | J37: =IF(J3="","",J33+J36) -> 0 | ... ES37: =IF(ES3="","",ES33+ES36)
A38: Total distribution nette de PS et d'IR : | B38: =0 -> 0 | C38: =IF(C3="","",C37*(1-'Caracs du projet'!$E$63)) -> 0 | D38: =IF(D3="","",D37*(1-'Caracs du projet'!$E$63)) -> 0 | E38: =IF(E3="","",E37*(1-'Caracs du projet'!$E$63)) -> 0 | F38: =IF(F3="","",F37*(1-'Caracs du projet'!$E$63)) -> 0 | G38: =IF(G3="","",G37*(1-'Caracs du projet'!$E$63)) -> 0 | H38: =IF(H3="","",H37*(1-'Caracs du projet'!$E$63)) -> 0 | I38: =IF(I3="","",I37*(1-'Caracs du projet'!$E$63)) -> 0 | J38: =IF(J3="","",J37*(1-'Caracs du projet'!$E$63)) -> 0 | ... EU38: =IF(EU3="","",EU37*(1-'Caracs du projet'!$E$63))
A41: Gains nets actualisés à la VAN : | B41: =IF(B3="","",B42/((1+'Caracs du projet'!$E$90)^(B3))) -> -8000 | C41: =IF(C3="","",C42/((1+'Caracs du projet'!$E$90)^(C3))) -> 451.26649 | D41: =IF(D3="","",D42/((1+'Caracs du projet'!$E$90)^(D3))) -> 467.37088 | E41: =IF(E3="","",E42/((1+'Caracs du projet'!$E$90)^(E3))) -> 483.1166 | F41: =IF(F3="","",F42/((1+'Caracs du projet'!$E$90)^(F3))) -> 498.5096 | G41: =IF(G3="","",G42/((1+'Caracs du projet'!$E$90)^(G3))) -> 513.55571 | H41: =IF(H3="","",H42/((1+'Caracs du projet'!$E$90)^(H3))) -> 528.26069 | I41: =IF(I3="","",I42/((1+'Caracs du projet'!$E$90)^(I3))) -> 542.6302 | ... EU41: =IF(EU3="","",EU42/((1+'Caracs du projet'!$E$90)^(EU3)))
A42: Gains nets : | B42: =IF(B3="","",B31+B38-B30) -> -8000 | C42: =IF(C3="","",C31+C38-C30) -> 453.52282 | D42: =IF(D3="","",D31+D38-D30) -> 472.05627 | E42: =IF(E3="","",E31+E38-E30) -> 490.39964 | F42: =IF(F3="","",F31+F38-F30) -> 508.55481 | G42: =IF(G3="","",G31+G38-G30) -> 526.52363 | H42: =IF(H3="","",H31+H38-H30) -> 544.30793 | I42: =IF(I3="","",I31+I38-I30) -> 561.90953 | ... ES42: =IF(ES3="","",ES31+ES38-ES30) | ET42: =IF(ET3="","",ET31+ET38) | EU42: =IF(EU3="","",EU31+EU38)
A45: Cumul gain : | B45: =IF(B3="","",B42) -> -8000 | C45: =IF(C3="","",B45+C42) -> -7546.4772 | D45: =IF(D3="","",C45+D42) -> -7074.4209 | E45: =IF(E3="","",D45+E42) -> -6584.0213 | F45: =IF(F3="","",E45+F42) -> -6075.4665 | G45: =IF(G3="","",F45+G42) -> -5548.9428 | H45: =IF(H3="","",G45+H42) -> -5004.6349 | I45: =IF(I3="","",H45+I42) -> -4442.7254 | J45: =IF(J3="","",I45+J42) -> -3863.3951 | ... EV45: =IF(EV3="","",EU45+EV42)
A46: Cumul gains actualisés : | B46: =IF(B3="","",B41) -> -8000 | C46: =IF(C3="","",B46+C41) -> -7548.7335 | D46: =IF(D3="","",C46+D41) -> -7081.3626 | E46: =IF(E3="","",D46+E41) -> -6598.246 | F46: =IF(F3="","",E46+F41) -> -6099.7364 | G46: =IF(G3="","",F46+G41) -> -5586.1807 | H46: =IF(H3="","",G46+H41) -> -5057.92 | I46: =IF(I3="","",H46+I41) -> -4515.2898 | J46: =IF(J3="","",I46+J41) -> -3958.62 | ... ET46: =IF(ET3="","",ES46+ET41)
M49: INFOS GENERALES :
M51: VAN : | N51: =B42+NPV('Caracs du projet'!E90,OFFSET(C42,0,0,1,COUNT(42:42)-1)) -> 38834.849
M53: VAN sans revente : | N53: =B42+NPV('Caracs du projet'!E90,OFFSET(C42,0,0,1,COUNT(42:42)-2)) -> 8198.9519
M55: Montant perso à investir : | N55: =B30+NPV('Caracs du projet'!E88,Tableau_IS_apport_perso) -> 8000
M57: Délai récup : | N57: =IF(AND(B45>=0,C45>=0),0,MATCH(SMALL(OFFSET(C45,0,0,1,COUNT(45:45)-1),1+COUNTIF(C45:EU45,"<0")),B45:ER45)-1) -> 15 | O57: années
M60: INFOS SUR LA DERNIERE ANNEE :
M62: Bénéfice : | N62: =HLOOKUP('Caracs du projet'!E21,'Tableau LMP'!A3:EV42,13) -> 43652.621
M64: Gain net : | N64: =HLOOKUP('Caracs du projet'!E21,'Tableau LMP'!A3:EV42,39) -> 30635.897

Sheet Comparaison IS et IR
A3: Rappel des caractéristiques du projet :
A7: Caractéristiques de l'immeuble :
A9: Prix d'achat de l'immeuble : | E9: ='Caracs du projet'!E20 -> 45000
A10: Valeur de revente : | E10: ='Caracs du projet'!E22 -> 50000
A11: Nb d'années de détention avant revente (mini 5 ans) : | E11: ='Caracs du projet'!E21 -> 20
A13: Loyer annuel : | E13: ='Caracs du projet'!E30 -> 4600
A14: Charges foncières déductibles IR : | E14: ='Caracs du projet'!E44 -> 1400
A15: Charges foncières non déd IR : | E15: ='Caracs du projet'!E43 -> 0
A16: Charges foncières IS : | E16: ='Caracs du projet'!E48 -> 2100
A17: Charges foncières LMNP : | E17: ='Caracs du projet'!E50 -> 1400
A20: Caractéristiques de l'emprunt :
A22: Capital emprunté : | E22: ='Caracs du projet'!E73 -> 37000
A23: Taux d'intérêt annuel : | E23: ='Caracs du projet'!E74 -> 0.0117
A24: Durée en année : (entier) | E24: ='Caracs du projet'!E76 -> 15
A25: Échéances : | E25: ='Caracs du projet'!E77 -> 224.11818
A27: Si durée de détention < durée d'emprunt : Emprunt restant à rembourser après la vente : | E27: ='Caracs du projet'!E80 -> 0
A30: Montant à investir perso pour acheter l'immeuble : | E30: ='Caracs du projet'!E101 -> 8000
A33: Taux d'actualisation :
A35: Taux de rémunération du temps : | E35: ='Caracs du projet'!E88 -> 0.005
A36: Taux de rémunération du risque : | E36: ='Caracs du projet'!E89 -> 0
A37: Taux d'actualisation : | E37: ='Caracs du projet'!E90 -> 0.005
A39: Taux d'inflation : | E39: ='Caracs du projet'!E93 -> 0.01
A42: Caractéristiques spécifiques à l'IS :
A44: Durée d'amortissement : | E44: ='Caracs du projet'!C46 -> 20
A46: Taux d'imposition de la distribution des divs par rapport au bénéf distribuable : | E46: ='Caracs du projet'!E63 -> 0.256
A50: Caractéristiques spécifiques à l'IR :
A52: Taux imposition PV IR après abattement : | E52: ='Caracs du projet'!E61 -> 0.019
A53: Taux imposition PS IR après abattement : | E53: ='Caracs du projet'!E62 -> 0.12943
A59: Comparaison en IS et IR et LMNP :
A63: • Comparaison des montants à investir personnellement :
C65: - IS : | E65: =IF(ISBLANK('Caracs du projet'!E123),'Caracs du projet'!E107,'Caracs du projet'!E123) -> 8000
C67: - IR : | E67: =IF(ISBLANK('Caracs du projet'!E127),'Caracs du projet'!E110,'Caracs du projet'!E127) -> 11172.035
C69: - LMNP : | E69: =IF(ISBLANK('Caracs du projet'!E131),'Caracs du projet'!E113,'Caracs du projet'!E131) -> 8000
A73: • Comparaison du délai de récupération en années :
C75: - IS : | E75: ='Tableau SCI IS'!N57 -> 5
C77: - IR : | E77: ='Tableau Foncier'!N45 -> 20
C79: - Si LMNP : | E79: ='Tableau LMNP'!N46 -> 16
A83: • Comparaison résultat net et gains nets :
A103: • Comparaison fin de projet :
B105: VAN sans compter la cession :
C107: - IS : | E107: ='Tableau SCI IS'!N53 -> 24341.891
C109: - IR : | E109: ='Tableau Foncier'!N41 -> -3101.5605
C111: - LMNP : | E111: ='Tableau LMNP'!N42 -> 8424.1845
B114: Gains annuels nets sans prêt et sans cession :
C116: - IS : | E116: =((E13-E17)-IF(E13-E17<'Caracs du projet'!$E$9,(E13-E17)*'Caracs du projet'!$E$8,'Caracs du projet'!$E$9*'Caracs du projet'!$E$8+(E13-E17-'Caracs du projet'!$E$9)*'Caracs du projet'!$E$7))*(1-E46) -> 2023.68
C118: - IR : | E118: =(E13-E14)*(1-('Caracs du projet'!E12+'Caracs du projet'!E60))-(E17-E14) -> 2201.6
C120: - LMNP : | E120: =(E13-E17)*(1-('Caracs du projet'!E12+'Caracs du projet'!E60)) -> 2201.6
B123: VAN en comptant la cession :
C125: - IS : | E125: ='Tableau SCI IS'!N51 -> 55779.095
C127: - IR : | E127: ='Tableau Foncier'!N39 -> 43558.46
C129: - LMNP : | E129: ='Tableau LMNP'!N40 -> 49647.804
B132: Gains nets année de cession :
C134: - IS : | E134: ='Tableau SCI IS'!N64 -> 34734.828 | F134: " | G134: Montant actu à la VAN : | I134: =E134/((1+'Caracs du projet'!$E$90)^(E11)) -> 31437.204
C136: - IR : | E136: ='Tableau Foncier'!N53 -> 46660.02 | F136: " | G136: Montant actu à la VAN : | I136: =E136/((1+'Caracs du projet'!$E$90)^(E11)) -> 42230.253
C138: - LMNP : | E138: ='Tableau Foncier'!N55 -> 0 | F138: " | G138: Montant actu à la VAN : | I138: =E138/((1+'Caracs du projet'!$E$90)^(E13)) -> 0
